Cogmind - Beta 17 @@@ ROGUE MODE // 2026.07.23 @ 15:04:29 Player: ldi (hl). (hl) Result: Destroyed by X-87 Electro with Compact HERF Cannon Performance ------------- Evolutions (8) 4000 Regions Visited (29) 5800 Robots Destroyed (386) 1930 Value Destroyed (22402) 22402 Prototype IDs (59) 1180 Alien Tech Used (2) 400 Bonus (12330) 12330 TOTAL SCORE: 48042 Bonus ------- High Alert Combat Kills 4826 Follower Combat Kills 1681 Entered Garrisons 800 Used RIF Installer 2000 Network Hubs Disabled 400 Met Data Miner 300 Met Zhirov 300 Met R17 at Cetus 500 Met R17 at Research 2000 Friendly Fire -477 Cogmind --------- Core Integrity 0/1450 Matter 70/300 Energy 99/100 System Corruption 26% Temperature Cool (0) Movement Core (50) Location -2/Research Parts ------- > --- POWER (2) -------- (None) > --- PROPULSION (5) --- Heavy Shield Leg > --- UTILITY (13) ----- (None) > --- WEAPON (3) ------- (None) > --- INVENTORY (5) ---- Light Particle Reactor Cargo Storage Unit Experimental Shield Generator Proton Burst Cannon Peak State ------------ > --- POWER ------------ Micro Antimatter Reactor Light Quantum Reactor > --- PROPULSION ------- Advanced Medium Treads Biometal Heavy Treads Biometal Heavy Treads > --- UTILITY ---------- Advanced Heat Sink Advanced Heat Sink Cargo Storage Unit Transport Network Coupler Advanced Targeting Computer Advanced Targeting Computer Advanced Target Analyzer Advanced Target Analyzer Advanced Target Analyzer Advanced Phase Shifter Improved Core Shielding Improved Hacking Suite > --- WEAPON ----------- Proton Burst Cannon Heavy Linear Accelerator > --- INVENTORY -------- Light Antimatter Reactor Light Antimatter Reactor Micro Antimatter Reactor Light Quantum Reactor Biometal Heavy Treads Myomer Leg Cargo Storage Unit Small Battery Compact Battery Experimental Energy Well Experimental Energy Well Advanced Signal Interpreter Improved Salvage Targeting Computer Advanced Phase Shifter Experimental Shield Generator Relay Coupler [NC] Relay Coupler [NC] Relay Coupler [Proto] Relay Coupler [Proto] Relay Coupler [Proto] Relay Coupler [Proto] Heavy Laser Phase Gun KE Penetrator KE Penetrator Helical Railgun Advanced Remote Datajack [Rating: 161] Favorites ----------- Power Light Antimatter Reactor Engine Improved Deuterium Engine Power Core Neutrino Core Reactor Light Antimatter Reactor Propulsion Aluminum Leg Treads Armored Medium Treads Leg Aluminum Leg Wheel Armored Wheel Utility Large Storage Unit Device Advanced Heat Sink Storage Large Storage Unit Processor Advanced Targeting Computer Hackware Improved Hacking Suite Protection Improved Medium Armor Plating Weapon Ion Cannon Energy Gun Gatling Laser Energy Cannon Ion Cannon Ballistic Gun Gauss Rifle Ballistic Cannon Heavy Linear Accelerator Launcher Mini Grenade Launcher Special Weapon Remote Datajack Special Melee Weapon Datajack Build | -11 -10 -9 -8 -8 -8 -7 -7 -7 -7 -6 -6 -6 -6 -5 -5 -5 -5 -5 -5 -5 -4 -4 -4 -4 -4 -4 -3 -3 -2 ------- Run | Yrd Mat Mat Mat Gar Mat Fac Gar Fac Sto Fac Low Low Dat Pro Fac Gar Fac Upp Upp Zhi Pro Fac Ext Cet Arc Hub Res Gar Res Slots Evolved 16 | . . 2 2 . . 2 . . . 2 . . . . 2 . . . . . . 2 . . . . 2 . 2 Power 1 | . . . . . . . . . . . . . . . . . . . . . . . . . . . . . 1 Propulsion 3 | . . 1 . . . 1 . . . 1 . . . . . . . . . . . . . . . . . . . Utility 11 | . . 1 2 . . 1 . . . 1 . . . . 2 . . . . . . 2 . . . . 1 . 1 Weapon 1 | . . . . . . . . . . . . . . . . . . . . . . . . . . . 1 . . Parts Attached 409 | 6 3 20 12 27 4 8 26 4 19 29 5 4 . 2 12 16 9 2 1 1 7 11 38 11 3 6 24 40 59 Power 43 | 1 . 2 . 4 . 1 2 . 2 2 . 1 . 1 2 1 . . . 1 2 1 1 1 . 2 3 3 10 Engine 12 | 1 . 2 . 4 . . 1 . 1 . . . . . . . . . . . . . . . . . . 2 1 Core 11 | . . . . . . . 1 . 1 2 . 1 . 1 2 1 . . . . 2 . . . . . . . . Reactor 20 | . . . . . . 1 . . . . . . . . . . . . . 1 . 1 1 1 . 2 3 1 9 Propulsion 105 | 2 1 6 5 8 . 1 9 1 9 7 2 2 . . 3 4 4 . . . . 2 11 3 1 . 2 6 16 Treads 38 | . . . . . . . . . 4 1 . . . . 2 3 4 . . . . 2 3 3 1 . 1 4 10 Leg 60 | 2 1 6 5 8 . 1 9 1 4 6 1 . . . . 1 . . . . . . 8 . . . 1 1 5 Wheel 7 | . . . . . . . . . 1 . 1 2 . . 1 . . . . . . . . . . . . 1 1 Hover . | . . . . . . . . . . . . . . . . . . . . . . . . . . . . . . Flight . | . . . . . . . . . . . . . . . . . . . . . . . . . . . . . . Utility 168 | 1 2 4 4 9 2 5 9 3 4 10 2 1 . 1 4 6 4 2 1 . 1 8 19 4 1 4 14 24 19 Device 79 | . 1 . 1 5 1 4 3 2 2 5 2 1 . . . 5 2 1 1 . 1 4 9 1 1 . 9 10 8 Storage 10 | 1 1 2 . . . . . . . . . . . . . . . . . . . . 1 . . . 2 3 . Processor 28 | . . . 1 1 . 1 1 1 . 2 . . . . 1 . . . . . . 1 3 . . 2 1 5 8 Hackware 10 | . . . . . . . 1 . . 1 . . . . 2 . 1 . . . . 1 1 . . . . 1 2 Protection 41 | . . 2 2 3 1 . 4 . 2 2 . . . 1 1 1 1 1 . . . 2 5 3 . 2 2 5 1 Artifact . | . . . . . . . . . . . . . . . . . . . . . . . . . . . . . . Weapon 93 | 2 . 8 3 6 2 1 6 . 4 10 1 . . . 3 5 1 . . . 4 . 7 3 1 . 5 7 14 Energy Gun 41 | 1 . 5 . 4 1 1 3 . . 5 . . . . . . . . . . . . 4 1 1 . 3 5 7 Energy Cannon 20 | . . 2 1 1 1 . 1 . . 3 . . . . 2 3 . . . . 3 . 1 . . . 1 . 1 Ballistic Gun 17 | 1 . 1 1 . . . . . 4 . 1 . . . 1 1 . . . . 1 . 1 2 . . . . 3 Ballistic Cannon 5 | . . . . . . . . . . . . . . . . 1 . . . . . . 1 . . . . 2 1 Launcher 6 | . . . 1 1 . . 1 . . 1 . . . . . . . . . . . . . . . . 1 . 1 Special Weapon 3 | . . . . . . . . . . 1 . . . . . . 1 . . . . . . . . . . . 1 Impact Weapon . | . . . . . . . . . . . . . . . . . . . . . . . . . . . . . . Slashing Weapon . | . . . . . . . . . . . . . . . . . . . . . . . . . . . . . . Piercing Weapon . | . . . . . . . . . . . . . . . . . . . . . . . . . . . . . . Special Melee Weapon 1 | . . . . . . . 1 . . . . . . . . . . . . . . . . . . . . . . Unidentified Prototypes 23 | . . . 1 . 2 . . 1 . 3 . . . . . . . . . 1 . 1 . 4 . . 6 . 4 Parts Lost 173 | . . 2 3 15 . 1 15 1 11 5 2 7 . 4 4 7 . 2 . . 3 2 20 1 . 6 6 13 43 Power 24 | . . 1 1 1 . 1 1 1 1 . . 1 . 1 1 1 . . . . . . 1 . . 2 . 1 9 Propulsion 62 | . . 1 1 5 . . 8 . 7 2 1 3 . 2 1 2 . . . . . . 5 1 . 1 3 4 15 Utility 57 | . . . 1 6 . . 4 . 2 1 1 3 . 1 1 4 . 2 . . 1 2 10 . . 1 1 5 11 Weapon 30 | . . . . 3 . . 2 . 1 2 . . . . 1 . . . . . 2 . 4 . . 2 2 3 8 Highest Loss Streak 8 | . . 1 2 4 . 1 6 1 5 2 1 6 . 4 2 4 . 1 . . 2 2 8 1 . 5 3 7 6 To Critical Strikes 4 | . . . . . . . 1 . . . . . . 1 . . . . . . . . 1 . . . . . 1 Average Backups 14 | . 1 13 14 13 13 14 13 14 14 13 14 11 14 12 13 13 12 10 11 12 11 4 5 14 14 13 15 18 22 Power 1 | . 1 1 2 1 1 . . 1 . . 1 . 1 . . . 1 1 1 1 1 . . 1 2 1 . 4 3 Propulsion 1 | . . 2 3 4 2 2 1 1 . . . . . . . . 2 2 2 3 3 1 1 1 1 1 2 3 2 Utility 4 | . . 1 . 2 6 6 4 7 8 7 6 3 5 3 4 2 2 1 1 1 1 . . 4 5 4 6 6 11 Weapon 4 | . . 8 7 4 3 4 5 5 4 4 5 5 7 7 8 8 5 5 5 5 4 . 1 4 4 4 4 4 4 Tool/Special . | . . . . . . . . . . . . . . . . . . . . . . . . . . . . . . Unused Backups 88 | . . 2 . 3 8 . 2 . 4 8 . . . . . 3 1 . . 1 . 2 4 5 . 3 16 3 23 Power 7 | . . 1 . . . . 1 . . 1 . . . . . 1 . . . . . . . 1 . . . . 2 Propulsion 15 | . . . . 3 2 . . . . . . . . . . . . . . . . 1 1 2 . . 4 . 2 Utility 45 | . . . . . 5 . . . 4 5 . . . . . 1 . . . 1 . . 1 . . 2 7 2 17 Weapon 19 | . . 1 . . 1 . 1 . . 1 . . . . . 1 1 . . . . 1 2 2 . 1 4 1 2 Tool/Special 2 | . . . . . . . . . . 1 . . . . . . . . . . . . . . . . 1 . . Average Slot Usage (%) 84 | . 90 92 86 96 100 99 98 100 95 91 92 90 76 81 83 89 85 83 88 77 82 81 83 85 83 79 72 59 74 Engine 2 | . 14 10 7 8 9 6 6 7 5 . . . . . . . . . . . . . . . . . . 2 1 Core 1 | . . . . . . . . . 1 6 5 5 6 6 4 4 5 5 5 3 1 4 . . . . . . . Reactor 1 | . . . . . . . . . . . . . . . . . . . . 1 3 . 5 5 5 4 3 1 5 Treads 9 | . . . . . . . . . 3 22 . . . . 4 13 16 23 23 23 23 21 10 12 15 15 8 8 11 Leg 11 | . 28 30 26 26 27 30 29 30 23 5 30 9 6 6 4 2 2 . . . . . 10 4 . . 3 1 . Wheel 1 | . . . . . . . . . . 2 1 16 20 11 6 3 . . . . . . . . . . . . . Device 14 | . 4 11 9 16 18 15 15 15 12 11 11 18 13 12 9 12 12 12 17 17 17 23 20 25 26 16 19 11 11 Storage 5 | . 14 11 9 9 9 7 7 7 7 6 6 6 6 6 5 5 5 5 5 5 5 . . 5 5 5 3 6 3 Processor 11 | . . . 8 9 9 14 10 15 15 13 14 13 13 13 11 11 11 11 11 11 6 5 10 5 5 9 10 14 22 Hackware 2 | . . . . . . . . . . . . . . . 10 11 11 5 5 5 5 9 8 5 5 5 3 . 2 Protection 6 | . . 6 6 8 9 7 9 7 7 6 6 6 6 10 8 8 4 5 5 5 5 5 6 10 10 11 8 4 4 Energy Gun 3 | . 14 10 . 9 . . 5 15 . 1 7 6 1 6 2 . . . . . . . 4 5 4 4 3 2 4 Energy Cannon 4 | . . 1 17 8 17 14 9 . . 4 . . . . . 7 9 5 10 . 10 10 3 . . . . . . Ballistic Gun 2 | . 14 9 . . . . . . 14 5 3 4 1 2 4 1 . 3 . . . . . 1 5 4 . . 1 Peak Build Rating 161 | 6 7 17 19 37 42 54 55 38 43 59 65 61 49 49 62 108 112 104 108 109 109 112 112 137 140 145 154 129 161 Average Rating 78 | 4 6 13 18 23 40 47 39 35 38 48 61 52 42 45 52 78 106 98 105 89 102 98 102 125 138 134 133 98 132 On Entrance 64 | . 6 7 16 19 36 41 54 36 38 35 58 61 47 49 44 52 108 100 104 106 109 97 111 108 137 140 110 1 107 Avg Prop Armor Cover (%) 5 | . . . . . . . . . 9 6 2 4 7 6 9 2 2 . . . . . 5 6 . 7 4 2 15 Naked Turns 56 | . . . . . . . . . . . . . . . . . . . . . . . . . . . 2 20 34 Heaviest Build 207 | 11 17 47 44 45 48 53 60 44 55 68 61 61 44 45 63 72 78 80 80 86 86 73 76 85 79 86 138 196 207 Greatest Support 188 | 20 20 30 35 60 60 80 80 45 45 80 86 66 36 36 46 160 187 161 161 161 161 161 173 183 188 188 160 162 180 Greatest Overweight (x) 58 | . . 1 1 2 . . 1 . 5 6 . 3 1 3 4 3 . . . . . . . . . . . 2 58 Average Overweight (x) . | . . . . . . . . . 1 2 . . . 2 2 . . . . . . . . . . . . . 1 Largest Inventory Capacity 30 | 8 10 15 15 15 15 15 15 15 15 15 15 15 15 15 15 15 15 15 15 15 15 15 15 15 15 15 25 30 30 Average Capacity 17 | 6 9 14 15 15 15 15 15 15 15 15 15 15 15 15 15 15 15 15 15 15 15 5 6 15 15 15 19 28 29 Most Carried 30 | 1 5 15 15 15 15 15 15 15 15 15 15 15 15 14 15 15 15 15 15 15 15 14 15 15 15 15 25 30 30 Average Carried 15 | . 1 13 14 13 13 14 13 14 14 14 14 11 14 12 13 14 14 13 14 14 14 5 6 14 15 14 16 24 26 Final Capacity 30 | 8 10 15 15 15 15 15 15 15 15 15 15 15 15 15 15 15 15 15 15 15 15 5 15 15 15 15 5 30 5 Final Carried 28 | 1 5 15 15 10 14 14 15 15 14 15 15 14 14 12 14 15 15 12 15 15 14 5 15 15 15 13 3 28 5 Class Distribution -------------------- 55% | Scavenger-Mutant 25% | Mutant 7% | Scavenger-Tank 5% | Scavenger-Gunner 3% | Bothacker-Mutant Dominant Class ---------------- Mutant | -10/Materials Mutant | -9/Materials Scavenger-Mutant | -8/Materials Scavenger-Mutant | -8/Garrison Mutant | -8/Materials Skirmisher | -7/Factory Scavenger-Mutant | -7/Garrison Scavenger-Mutant | -7/Factory Scavenger-Mutant | -7/Storage Scavenger-Mutant | -6/Factory Scavenger-Mutant | -6/Lower Caves Scavenger-Mutant | -6/Lower Caves Scavenger-Mutant | -6/Data Miner Mutant | -5/Proximity Caves Scavenger-Mutant | -5/Factory Scavenger-Mutant | -5/Garrison Mutant | -5/Factory Mutant | -5/Upper Caves Mutant | -5/Upper Caves Mutant | -5/Zhirov Mutant | -4/Proximity Caves Mutant | -4/Factory Scavenger-Mutant | -4/Extension Scavenger-Mutant | -4/Cetus Scavenger-Mutant | -4/Archives Scavenger-Mutant | -4/Hub_04(d) Scavenger-Mutant | -3/Research Scavenger-Tank | -3/Garrison Scavenger-Gunner | -2/Research Resources | -11 -10 -9 -8 -8 -8 -7 -7 -7 -7 -6 -6 -6 -6 -5 -5 -5 -5 -5 -5 -5 -4 -4 -4 -4 -4 -4 -3 -3 -2 ----------- Run | Yrd Mat Mat Mat Gar Mat Fac Gar Fac Sto Fac Low Low Dat Pro Fac Gar Fac Upp Upp Zhi Pro Fac Ext Cet Arc Hub Res Gar Res Matter Collected 9725 | 178 92 422 241 457 16 172 335 78 745 750 231 448 . 144 267 427 199 258 137 . 309 110 392 149 30 55 333 1004 1746 Remotely 50 | . . . . . . . . . . . . . . . . . . . . . . 50 . . . . . . . Salvage Created 19942 | . 133 775 456 877 505 264 1508 307 1102 1080 194 528 . 35 322 693 448 490 79 . 305 420 2240 277 194 616 366 1993 3735 Parts 811 | . 9 43 21 47 23 10 67 9 80 40 6 10 . . 17 39 21 30 9 . 1 10 83 4 4 19 15 72 122 Haulers Intercepted 10 | . . 1 . . 3 . . . 2 . . . . . . . . . . . . 1 . . . . . . 3 Recyclers Shooed 9 | . . . 1 . . . . . . . . . . . 3 . . . . . . . 2 . . . . . 3 Parts Field Recycled . | . . . . . . . . . . . . . . . . . . . . . . . . . . . . . . Retrieved Matter . | . . . . . . . . . . . . . . . . . . . . . . . . . . . . . . Parts Self-Destructed 52 | . . . . . . . . . . . 5 7 . . . . . 25 14 . 1 . . . . . . . . Prevented 6 | . . . . . . . . . . . 6 . . . . . . . . . . . . . . . . . . Parts Restored . | . . . . . . . . . . . . . . . . . . . . . . . . . . . . . . Kills | -11 -10 -9 -8 -8 -8 -7 -7 -7 -7 -6 -6 -6 -6 -5 -5 -5 -5 -5 -5 -5 -4 -4 -4 -4 -4 -4 -3 -3 -2 ------- Run | Yrd Mat Mat Mat Gar Mat Fac Gar Fac Sto Fac Low Low Dat Pro Fac Gar Fac Upp Upp Zhi Pro Fac Ext Cet Arc Hub Res Gar Res Combat Hostiles Destroyed 339 | . 5 18 13 26 4 4 33 5 16 14 8 16 . 2 2 20 6 15 5 . 6 4 27 4 2 7 8 21 48 Guns 150 | . 5 18 . 17 . . 16 4 15 5 1 2 . . 2 1 . 2 . . . . 8 3 2 6 3 15 25 Cannons 96 | . . . 6 5 3 4 14 . . 4 . . . . . 8 5 2 . . 2 3 15 . . . . 6 19 AOE 74 | . . . 6 4 . . 1 . 1 4 7 14 . 2 . 11 1 10 5 . 3 . 1 . . . 4 . . Classes Destroyed 23 | . 2 3 . 1 2 1 4 1 1 . 1 . . . 1 . . 2 . . . . . . . 1 1 1 1 Worker 6 | . . 1 . . 1 . . . 1 1 . . . . . . . . . . . . . . . . 1 . 1 Builder 9 | . . . . . . . . . 3 2 . . . . . . . . . . . . 1 . . 1 . . 2 Tunneler 1 | . . . . . . . . . . . . . . . 1 . . . . . . . . . . . . . . Hauler 10 | . . 1 . . 3 . . . 2 . . . . . . . . . . . . 1 . . . . . . 3 Recycler 12 | . . . . . 1 . . 1 2 2 . . . . 1 . 1 . . . . . 2 . . . . . 2 Mechanic 3 | . . . . . . 1 1 . . . . 1 . . . . . . . . . . . . . . . . . Operator 2 | . . . . . . . . 1 . . . . . . . . . . . . . . 1 . . . . . . Watcher 8 | . . . . . 1 1 . . . . . . . . . . 1 . . . . . 1 . . 3 . . 1 Swarmer 54 | . 3 . 3 4 . . 7 2 4 . . 3 . . . 8 . 10 5 . . . 1 . . . 4 . . Cutter 1 | . . . . . . . 1 . . . . . . . . . . . . . . . . . . . . . . Grunt 132 | . 2 15 9 9 2 4 11 2 4 6 4 9 . . . 6 . 1 . . 3 . 16 . . 3 1 7 18 Brawler 12 | . . . . 4 . . . . . 1 . 3 . . . . . . . . . . . . . . . 2 2 Duelist 6 | . . . . . . . 1 . . . . . . . . . . . . . . . 1 . . . . 2 2 Protector 1 | . . . . . . . . . . . . . . . . . . . . . . . . . . . . . 1 Sentry 54 | . . 3 1 9 2 . 6 1 7 2 . 1 . . 2 5 . 1 . . . 4 1 . 2 3 1 1 2 Specialist 4 | . . . . . . . . . . . . . . . . . . 2 . . . . . . . . . . 2 Hunter 22 | . . . . . . . 4 . . 2 . . . 2 . 1 2 . . . 2 . 5 . . . . . 4 Programmer 29 | . . . . . . . 3 . 1 3 . . . . . . 4 . . . . . 2 . . . . 2 14 Heavy 2 | . . . . . . . . . . . . . . . . . . . . . . . . . . 1 . . 1 Behemoth 8 | . . . . . . . . . . . . . . . . . . 1 . . 1 . 1 . . . . 3 2 Cetus Guard 4 | . . . . . . . . . . . . . . . . . . . . . . . . 4 . . . . . Striker 2 | . . . . . . . . . . . . . . . . . . . . . . . . . . . 2 . . Decomposer 1 | . . . . . . . . . . . . . . . . . . . 1 . . . . . . . . . . Assembled 5 | . . . . . . . . . . . . . . . . . . . . . . . . . . . . 5 . Thug 1 | . . . . . . . . . . . 1 . . . . . . . . . . . . . . . . . . Fireman 3 | . . . . . . . . . . . 3 . . . . . . . . . . . . . . . . . . Best Kill Streak 12 | . 3 5 7 4 2 2 6 3 4 4 4 12 . 2 2 10 3 5 5 . 5 1 9 3 1 3 4 4 11 Combat Bots Only 11 | . 3 5 7 4 1 1 6 2 4 4 4 11 . 2 1 10 2 5 5 . 5 1 9 3 1 2 4 4 11 Max Kills in Single Turn 4 | . 1 1 2 4 2 1 2 1 3 2 2 2 . 1 1 4 2 4 3 . 2 1 2 1 1 2 4 2 2 Gunslinging 1 | . . . . . . . . . . . . . . . . . . . . . . . . . . . . . 1 Exploded 4 | . . . 2 4 . . 1 . 1 2 2 2 . 1 . 4 1 4 3 . 2 . 1 . . . 4 . . Melee . | . . . . . . . . . . . . . . . . . . . . . . . . . . . . . . Uniques/NPCs Destroyed . | . . . . . . . . . . . . . . . . . . . . . . . . . . . . . . Combat | -11 -10 -9 -8 -8 -8 -7 -7 -7 -7 -6 -6 -6 -6 -5 -5 -5 -5 -5 -5 -5 -4 -4 -4 -4 -4 -4 -3 -3 -2 -------- Run | Yrd Mat Mat Mat Gar Mat Fac Gar Fac Sto Fac Low Low Dat Pro Fac Gar Fac Upp Upp Zhi Pro Fac Ext Cet Arc Hub Res Gar Res Hostile Shots Fired 3330 | . 15 82 65 129 16 27 342 34 313 198 42 66 . 27 38 88 45 63 8 . 82 25 363 52 26 167 144 224 649 Missed 1007 | . 5 26 17 26 6 12 118 15 102 66 15 21 . 8 13 31 14 18 4 . 26 11 95 22 5 49 50 56 176 Hits 2323 | . 10 56 48 103 10 15 224 19 211 132 27 45 . 19 25 57 31 45 4 . 56 14 268 30 21 118 94 168 473 Melee 61 | . . . . 3 . . 6 . . . . . . . . . . . . . . . . . . . 11 13 28 Projectile 2262 | . 10 56 48 100 10 15 218 19 211 132 27 45 . 19 25 57 31 45 4 . 56 14 268 30 21 118 83 155 445 AOE 7 | . . . . . . . 1 . . 1 . . . . . . . . . . . . . . . . 4 . 1 Critical Strikes 99 | . . . 5 5 1 . 6 . 1 4 1 1 . 1 . 3 2 2 . . 3 . 10 5 . 8 4 10 27 Part Disruptions 6 | . . . . . . . . . . . . . . . . . . . . . . . 1 . . 1 . 2 2 Damage Taken 43665 | . 91 736 833 1558 185 253 2408 182 2010 1702 567 905 . 385 605 1277 571 1085 141 . 1300 404 4624 664 488 2695 3171 3911 10914 Core 4693 | . 35 103 91 245 47 46 228 16 248 82 12 162 . 86 64 94 18 19 . . 93 45 303 43 26 220 593 312 1462 Absorbed by Shields 991 | . . . . . . . 19 . . . . 68 . . . . . . . . . . . 120 84 92 36 520 52 Reduced by Siege Mode 965 | . . . . . . . . . . . . . . . . . . 58 . . 80 . 66 5 7 6 40 82 621 Redirected to Shielding 174 | . . . . . . . . . . . . . . . . . . . . . . . . . . . . 2 172 Ignored by Resistances 322 | . . . . 42 . . . . . . . . . . . . . . . . . . 54 . . . 38 . 188 Regen/Repaired (Parts) 1643 | . . . . . . 82 . . . 331 . . . . . . . . . . . . 207 . . . 1023 . . Core Remaining (%) 56 | 100 86 74 . . 30 . . . 23 . . . . 59 . . . . . . 71 . . . . 44 . 24 . Volleys Fired 1333 | . 9 72 24 77 30 22 90 12 77 63 26 28 . 15 25 32 30 24 5 4 24 18 196 35 14 77 72 74 158 Largest 3 | . 2 2 2 2 2 2 2 2 2 2 2 2 . 2 2 2 2 2 2 1 2 2 2 2 1 1 1 1 3 Hottest 245 | . 60 130 120 130 120 120 160 160 61 170 115 113 . 113 120 240 240 153 240 7 240 188 188 123 80 94 113 81 245 Shots Fired 2239 | . 18 139 43 151 60 44 179 23 155 118 42 30 . 22 43 55 55 39 9 4 42 36 215 37 14 77 72 153 364 Gun 1337 | . 18 137 . 86 . . 56 23 155 59 27 7 . 14 35 7 1 15 . . . . 106 35 14 77 58 123 284 Cannon 789 | . . 2 38 63 60 44 122 . . 52 . . . . 4 38 47 18 6 . 33 36 104 2 . . 13 30 77 Launcher 93 | . . . 5 2 . . 1 . . 3 15 23 . 8 1 10 6 6 3 . 9 . . . . . 1 . . Special 20 | . . . . . . . . . . 4 . . . . 3 . 1 . . 4 . . 5 . . . . . 3 Kinetic 518 | . 9 63 . . . . . . 155 29 11 2 . 7 31 16 1 15 . . . . 8 2 . 1 . 30 138 Thermal 1582 | . 9 76 38 149 60 44 178 23 . 82 16 5 . 7 8 29 47 18 6 . 33 36 193 35 14 76 71 123 206 Explosive 93 | . . . 5 2 . . 1 . . 3 15 23 . 8 1 10 6 6 3 . 9 . . . . . 1 . . Electromagnetic 26 | . . . . . . . . . . . . . . . . . . . . . . . 9 . . . . . 17 Robot Hit Streak 56 | . 9 17 7 38 8 8 15 15 19 20 8 11 . 3 12 14 15 10 11 5 15 14 12 12 13 17 15 56 34 Robot Miss Streak 17 | . 1 6 2 5 5 4 8 1 3 2 3 1 . 6 2 2 3 2 1 . 3 2 3 1 1 3 4 17 3 Penetration Max 1 | . . . . . . . . . 1 . . . . . 1 . . . . . . . . . . . . . 1 Secondary Targets 11 | . . . . 2 . . 3 . 1 . . . . . . . . . . . . . . . . . . . 5 Max Gunslinging Chain 1 | . . . . 1 . . 1 . 1 . . . . . . . . . . . . . . . . . . . 1 Capacitor 364 | . . . . . . . . . . . . . . . . . . . . . . . 170 33 14 76 71 . . Autonomous 106 | . . . . . . . . . . . . . . . . . . . . . . . . . . . . 106 . Shots Hit Robots 1588 | . 13 95 31 105 37 23 105 21 118 83 22 19 . 8 28 35 23 29 2 4 26 22 154 31 13 61 49 125 306 Core Hits 914 | . 7 42 21 126 12 9 71 20 44 39 24 47 . 4 14 55 11 20 8 . 25 10 62 10 7 27 20 69 110 Critical Kills 22 | . 1 . 1 . 1 . 3 . 1 . . . . . . . . 2 . . 1 . 1 . . . . 6 5 Critical Parts Destroyed 17 | . . . . . . . . . 3 . 1 . . . . 1 . . . . . . . . . . . 9 3 Critical Strikes 85 | . 1 2 1 . 1 . 3 . 4 2 1 1 . 1 . 1 . 2 . . 1 . 7 1 . . . 18 38 Burn 27 | . . 2 . . . . . . . 2 . 1 . 1 . . . . . . . . 6 . . . . . 15 Meltdown 8 | . . . 1 . 1 . 3 . . . . . . . . . . 1 . . 1 . 1 . . . . . . Destroy 32 | . 1 . . . . . . . 4 . 1 . . . . 1 . 1 . . . . . 1 . . . 15 8 Blast 18 | . . . . . . . . . . . . . . . . . . . . . . . . . . . . 3 15 Melee Attacks . | . . . . . . . . . . . . . . . . . . . . . . . . . . . . . . Impact . | . . . . . . . . . . . . . . . . . . . . . . . . . . . . . . Slashing . | . . . . . . . . . . . . . . . . . . . . . . . . . . . . . . Piercing . | . . . . . . . . . . . . . . . . . . . . . . . . . . . . . . Sneak Attacks . | . . . . . . . . . . . . . . . . . . . . . . . . . . . . . . Combat Hostiles . | . . . . . . . . . . . . . . . . . . . . . . . . . . . . . . Follow-up Attacks . | . . . . . . . . . . . . . . . . . . . . . . . . . . . . . . Damage Inflicted 56293 | . 157 1478 1015 2040 907 524 2615 537 2986 2359 1206 1985 . 443 650 2040 1067 1385 335 . 1772 743 4719 747 350 2568 2214 7024 12427 Guns 27205 | . 157 1478 . 1158 . . 1052 537 2754 876 170 90 . 79 563 74 . 236 . . . . 1887 729 350 1796 1193 5015 7011 Cannons 19678 | . . . 620 697 899 524 1543 . . 1024 . . . . 33 927 794 608 43 . 956 743 2458 18 . . 468 1941 5382 Explosions 9252 | . . . 395 184 . . 20 . 232 459 1036 1895 . 364 54 1039 270 541 292 . 816 . 366 . . 748 541 . . Melee . | . . . . . . . . . . . . . . . . . . . . . . . . . . . . . . Ramming 158 | . . . . 1 8 . . . . . . . . . . . 3 . . . . . 8 . . 24 12 68 34 Kinetic 14254 | . 103 669 . . . . . . 2754 468 98 . . 61 509 317 . 236 . . . . 163 18 . . . 1941 6917 Thermal 32622 | . 54 809 620 1855 899 524 2580 537 . 1432 72 90 . 18 136 684 794 608 43 . 956 743 4421 729 350 1796 1661 5015 5196 Explosive 8089 | . . . 395 184 . . 20 . 232 459 1036 1895 . 364 5 1039 270 541 292 . 816 . . . . . 541 . . Electromagnetic 1155 | . . . . . . . . . . . . . . . . . . . . . . . 127 . . 748 . . 280 Impact 15 | . . . . . . . 15 . . . . . . . . . . . . . . . . . . . . . . Slashing . | . . . . . . . . . . . . . . . . . . . . . . . . . . . . . . Piercing . | . . . . . . . . . . . . . . . . . . . . . . . . . . . . . . Highest Corruption 25 | . 4 . . 5 5 . 1 1 10 8 4 4 4 4 2 2 5 5 5 5 5 . 8 . . 6 3 11 25 Average Corruption 6 | . 2 . . 3 5 . 1 1 3 3 4 4 4 4 1 2 3 5 5 5 5 . 7 . . 4 3 8 17 Corruption Purged 4 | . . . . . . . . . . 4 . . . . . . . . . . . . . . . . . . . Corruption Blocked . | . . . . . . . . . . . . . . . . . . . . . . . . . . . . . . Effects 403 | . 3 . . 28 6 . 3 4 14 22 13 15 . 9 . 10 19 24 26 7 16 . 3 . . 1 1 84 95 Message Errors 89 | . 1 . . 3 1 . . . 3 3 3 7 . 3 . 5 5 6 5 1 1 . 2 . . . 1 21 18 Matter Fused 94 | . . . . 7 2 . . 1 . 5 4 4 . . . 1 5 8 4 1 4 . . . . . . 25 23 Heat Flow Errors 45 | . . . . 4 . . 2 . . 2 1 . . 1 . . 3 1 4 2 1 . . . . . . 13 11 Energy Discharges 59 | . 1 . . 7 . . . . 1 5 2 1 . 4 . 1 2 2 4 2 2 . 1 . . . . 10 14 Parts Rejected 9 | . . . . 2 . . . . . 1 2 . . . . . . 1 . . 1 . . . . 1 . . 1 Data Loss (minor) 49 | . . . . 1 2 . 1 . 6 3 1 1 . . . . 2 4 6 . 5 . . . . . . 7 10 Data Loss (major) 23 | . 1 . . 1 1 . . 2 1 1 . 2 . . . 2 . 1 1 1 . . . . . . . 5 4 Misfires 12 | . . . . 1 . . . . 2 . . . . . . 1 . . 2 . 1 . . . . . . 1 4 Alerts 7 | . . . . 1 . . . . . 1 . . . 1 . . 1 . . . 1 . . . . . . 2 . Misdirections 4 | . . . . . . . . . . . . . . . . . . . . . . . . . . . . . 4 Weapon Failures 12 | . . . . 1 . . . 1 1 1 . . . . . . 1 1 . . . . . . . . . . 6 Overload Shots . | . . . . . . . . . . . . . . . . . . . . . . . . . . . . . . Overflow Damage 1228 | . . . 19 . . . 15 . 16 45 50 4 . . 73 15 76 4 . . . . 112 . . 54 94 116 535 Projectiles 895 | . . . 19 . . . 15 . . 45 . . . . . . 75 . . . . . 90 . . . . 116 535 Explosions 333 | . . . . . . . . . 16 . 50 4 . . 73 15 1 4 . . . . 22 . . 54 94 . . Melee . | . . . . . . . . . . . . . . . . . . . . . . . . . . . . . . Knockbacks 36 | . . . . . . . . . . . . . . . . . . . . . . . . . . . . 6 30 Impact 1 | . . . . . . . . . . . . . . . . . . . . . . . . . . . . 1 . Kinetic 33 | . . . . . . . . . . . . . . . . . . . . . . . . . . . . 4 29 Secondary 2 | . . . . . . . . . . . . . . . . . . . . . . . . . . . . 1 1 Self-Inflicted Damage 890 | . . . . 38 . . . . . 120 47 62 . 47 69 85 . 135 49 . . 81 53 . . 102 2 . . Shots 22 | . . . . 1 . . . . . 3 2 4 . 3 1 1 . 3 1 . . 1 1 . . 1 . . . Rammed 14 | . . . . . . . . . . . . . . . . . 1 . . . . . 2 . . 3 2 3 3 Targets Rammed 20 | . . . . 2 1 . . . 1 . . . . . . . 1 . . . . . 3 . . 3 3 3 3 Kicked 5 | . . . . 2 1 . . . 1 . . . . . . . . . . . . . 1 . . . . . . Crushed 1 | . . . . . . . . . . . . . . . . . . . . . . . . . . . 1 . . Highest Temperature 531 | . . 135 414 266 16 9 149 84 82 344 317 . . 197 36 186 531 196 170 200 356 . 311 277 . 188 232 313 345 Average Temperature 79 | . . 21 111 75 10 9 32 24 58 78 150 . . 84 13 40 144 35 78 118 184 . 75 143 . 71 118 77 71 Received Heat Transfer 7362 | . 18 351 405 720 90 135 649 63 492 333 231 246 . . 45 258 18 96 9 . 416 45 414 51 88 306 102 922 859 Effects 4 | . . . 1 . . . . . . 1 . . . . . . 2 . . . . . . . . . . . . Energy Bleed 1 | . . . 1 . . . . . . . . . . . . . . . . . . . . . . . . . . Interference 2 | . . . . . . . . . . . . . . . . . 2 . . . . . . . . . . . . Matter Decay 1 | . . . . . . . . . . 1 . . . . . . . . . . . . . . . . . . . Siege Activations 43 | . . . . . . . . . . . . . . . . . 1 3 . . 2 . 8 1 1 5 5 3 14 Total Turns 543 | . . . . . . . . . . . . . . . . . 6 40 . . 27 . 76 3 5 24 41 26 295 Longest Duration 83 | . . . . . . . . . . . . . . . . . 6 19 . . 21 . 17 3 5 8 18 24 83 Martial Activations . | . . . . . . . . . . . . . . . . . . . . . . . . . . . . . . Shielding Activations . | . . . . . . . . . . . . . . . . . . . . . . . . . . . . . . Robots Disrupted 1 | . . . . . . . . . . . . . . . . . . . . . . . 1 . . . . . . Combat Hostiles 1 | . . . . . . . . . . . . . . . . . . . . . . . 1 . . . . . . Robots Corrupted 2 | . . . . . . . . . . . . . . . . . . . . . . . . . . 1 . . 1 Combat Hostiles 1 | . . . . . . . . . . . . . . . . . . . . . . . . . . . . . 1 Parts Fried 3 | . . . . . . . . . . . . . . . . . . . . . . . . . . 2 . . 1 Impact Corruptions . | . . . . . . . . . . . . . . . . . . . . . . . . . . . . . . Robots Melted 20 | . . . 1 . 1 . 3 1 . 1 . . . . . . . 1 . . 1 1 3 1 . 1 1 1 3 Combat Hostiles 18 | . . . 1 . 1 . 2 1 . 1 . . . . . . . 1 . . 1 1 3 1 . 1 1 . 3 Parts Melted 108 | . . 2 5 4 6 1 11 3 . 7 . . . . . 1 4 1 . . 3 5 22 3 2 7 . 2 19 Heat Transferred 45786 | . 125 2072 999 2564 1443 851 4877 1200 . 2716 200 350 . 150 237 703 592 518 37 . 851 983 6045 1483 481 2331 1849 4915 7214 Parts Sabotaged 6 | . . . . . . . . . . . . . . . . . . . . . . . . . . . . . 6 Parts Stolen . | . . . . . . . . . . . . . . . . . . . . . . . . . . . . . . Parts Stripped . | . . . . . . . . . . . . . . . . . . . . . . . . . . . . . . Power Chain Reactions . | . . . . . . . . . . . . . . . . . . . . . . . . . . . . . . Alert | -11 -10 -9 -8 -8 -8 -7 -7 -7 -7 -6 -6 -6 -6 -5 -5 -5 -5 -5 -5 -5 -4 -4 -4 -4 -4 -4 -3 -3 -2 ------- Run | Yrd Mat Mat Mat Gar Mat Fac Gar Fac Sto Fac Low Low Dat Pro Fac Gar Fac Upp Upp Zhi Pro Fac Ext Cet Arc Hub Res Gar Res Maximum Alert Level 5 | . . . 1 3 2 1 5 3 2 1 . . . . 3 4 2 . . . . 1 2 1 1 3 2 5 4 Low Security (%) 35 | 100 100 100 92 4 . 55 2 . . 84 . . . . . . . . . . . 72 85 . 46 95 96 11 . Level 1 10 | . . . 7 19 . 44 5 . . 15 . . . . . . . . . . . 27 10 100 53 . . 17 . Level 2 18 | . . . . 42 100 . 8 . 100 . . . . . 39 24 100 . . . . . 4 . . . 3 17 . Level 3 17 | . . . . 33 . . 31 100 . . . . . . 60 57 . . . . . . . . . 4 . 15 36 Level 4 15 | . . . . . . . 35 . . . . . . . . 17 . . . . . . . . . . . 22 63 Level 5 3 | . . . . . . . 15 . . . . . . . . . . . . . . . . . . . . 15 . High Security . | . . . . . . . . . . . . . . . . . . . . . . . . . . . . . . Max Security . | . . . . . . . . . . . . . . . . . . . . . . . . . . . . . . Peak Influence 1966 | . 82 164 228 1051 601 244 1966 1041 688 300 . . . . 900 1129 592 . . . . 234 610 396 243 905 468 1901 1410 Initial 1068 | . . 17 52 141 512 244 139 1031 448 300 . . . . 900 477 592 . . . . . 89 337 130 60 468 57 1068 Average 581 | . 31 76 71 634 552 197 1119 1009 592 142 . . . . 761 857 482 . . . . 100 142 350 198 83 84 855 1138 Influence Increases 16991 | . 147 582 375 1060 239 219 2017 164 716 526 105 355 . 50 1060 722 245 330 110 . 150 362 1548 289 133 1210 460 2234 1583 Destroy 0b10 Robot/C 7320 | . 100 360 260 520 120 160 720 100 320 280 80 320 . 40 40 400 120 300 100 . 120 80 840 160 80 180 160 420 940 Destroy 0b10 Robot/NC 305 | . . 10 . . 30 10 5 10 40 25 . 5 . . 10 . 10 . . . . 5 25 10 . 20 5 30 55 Destroy Leader 1166 | . 20 102 50 20 48 32 40 30 104 80 10 20 . 10 20 30 32 30 10 . 30 42 122 . . 56 10 30 188 Allied During Kill 810 | . . . . . 38 16 12 . . . . 10 . . . . . . . . . . 345 104 28 12 . 241 4 Successful Hack 431 | . 27 19 4 16 . . . 24 2 32 . . . . . 10 16 . . . . . 8 11 . 3 233 14 12 Disable Machine 795 | . . 15 15 75 . . 60 . 105 45 . . . . 15 . 15 . . . . 45 45 . 15 300 . . 45 Anti-Garrison Action 3050 | . . . . 300 . . 900 . . . . . . . . 100 . . . . . 150 . . . 150 . 1450 . Destroy Structure 1224 | . . 1 31 69 3 1 10 . 55 34 . . . . 60 152 52 . . . . 40 88 4 10 474 22 19 99 Advance Influence 900 | . . . . . . . . . . . . . . . 900 . . . . . . . . . . . . . . Lose Combat Pursuer 990 | . . 75 15 60 . . 270 . 90 30 15 . . . 15 30 . . . . . . 75 . . 15 30 30 240 Influence Decreases 15843 | . 105 500 282 226 753 557 250 1143 1043 1007 284 309 46 50 378 275 929 504 381 . 150 179 1127 567 286 491 1276 409 2336 Entered New Map 5919 | . . 25 72 76 539 293 60 935 539 360 67 . 46 . . 205 537 166 53 . . . 94 267 196 113 424 19 833 Time Decay 6494 | . 105 349 180 . 214 214 . 198 374 577 197 239 . 30 238 . 392 318 328 . 130 177 512 190 90 277 487 . 678 Search Patrol Dispatched 100 | . . . . . . . . . . . . . . . 100 . . . . . . . . . . . . . . Lost Part 1657 | . . 20 30 150 . 10 150 10 110 50 20 70 . 20 40 70 . 20 . . 20 2 194 10 . 41 60 130 430 Lost Ally 617 | . . . . . . 40 40 . 20 20 . . . . . . . . . . . . 52 100 . 60 5 260 20 Purge Threat 1056 | . . 106 . . . . . . . . . . . . . . . . . . . . 275 . . . 300 . 375 Squads Dispatched 76 | . 1 4 1 . 1 3 . 1 4 6 . 1 . . 3 . 5 . . . . 3 8 . . 8 9 . 18 Investigation 12 | . 1 1 . . . 1 . . . . . . . . . . 2 . . . . . 5 . . 1 1 . . Extermination 15 | . . . . . . 1 . . 2 3 . . . . 1 . 2 . . . . 1 . . . 1 . . 4 Reinforcement 33 | . . 3 1 . 1 . . . 2 3 . . . . 2 . 1 . . . . . 3 . . 4 8 . 5 Assault 15 | . . . . . . . . 1 . . . 1 . . . . . . . . . 2 . . . 2 . . 9 Garrison 1 | . . . . . . 1 . . . . . . . . . . . . . . . . . . . . . . . Intercept . | . . . . . . . . . . . . . . . . . . . . . . . . . . . . . . Searches Triggered 1 | . . . . . . . . . . . . . . . 1 . . . . . . . . . . . . . . Data Miner Redirects 8 | . . . . . . . . . . . . . . . . . . . . . . . 3 . . 1 . . 4 Construction Impeded 4 | . . . . . . . . . 1 . . . . . 1 . . . . . . . 1 . . 1 . . . Haulers Reinforced 4 | . . . . . . . . . . . . . . . 1 . . . . . . . . . . . 3 . . Active Scanning Responses . | . . . . . . . . . . . . . . . . . . . . . . . . . . . . . . Cargo Convoy Interrupts . | . . . . . . . . . . . . . . . . . . . . . . . . . . . . . . Stealth | -11 -10 -9 -8 -8 -8 -7 -7 -7 -7 -6 -6 -6 -6 -5 -5 -5 -5 -5 -5 -5 -4 -4 -4 -4 -4 -4 -3 -3 -2 --------- Run | Yrd Mat Mat Mat Gar Mat Fac Gar Fac Sto Fac Low Low Dat Pro Fac Gar Fac Upp Upp Zhi Pro Fac Ext Cet Arc Hub Res Gar Res Distress Signals 22 | . 1 1 . . . 1 . . 1 1 . . . 1 1 . . . . . . . 3 2 . 1 5 . 4 Communications Jammed . | . . . . . . . . . . . . . . . . . . . . . . . . . . . . . . Distress Signals . | . . . . . . . . . . . . . . . . . . . . . . . . . . . . . . Times Spotted 588 | . 9 27 15 27 9 10 54 6 26 30 9 16 . 8 8 17 11 16 3 . 6 4 48 10 4 34 42 53 86 Peak Tracking Total 16 | . 3 6 6 8 2 3 7 3 5 5 4 9 . 4 6 6 4 5 2 . 5 1 7 5 3 16 7 12 12 Tactical Retreats 51 | . . 3 1 2 . . 16 . 3 2 1 . . . 1 1 . . . . . . 4 . . 1 1 4 11 Traps | -11 -10 -9 -8 -8 -8 -7 -7 -7 -7 -6 -6 -6 -6 -5 -5 -5 -5 -5 -5 -5 -4 -4 -4 -4 -4 -4 -3 -3 -2 ------- Run | Yrd Mat Mat Mat Gar Mat Fac Gar Fac Sto Fac Low Low Dat Pro Fac Gar Fac Upp Upp Zhi Pro Fac Ext Cet Arc Hub Res Gar Res Traps Triggered 33 | . 3 . . 4 . 1 9 . 1 . . . . . . 1 1 . . . . . 2 . . 4 1 6 . Indirectly 2 | . . . . . . . . . . . . . . . . . . . . . . . . . . 2 . . . Trap Hack Attempts . | . . . . . . . . . . . . . . . . . . . . . . . . . . . . . . Triggered . | . . . . . . . . . . . . . . . . . . . . . . . . . . . . . . Disarmed . | . . . . . . . . . . . . . . . . . . . . . . . . . . . . . . Reprogrammed . | . . . . . . . . . . . . . . . . . . . . . . . . . . . . . . Reused . | . . . . . . . . . . . . . . . . . . . . . . . . . . . . . . Traps Extracted . | . . . . . . . . . . . . . . . . . . . . . . . . . . . . . . Installed . | . . . . . . . . . . . . . . . . . . . . . . . . . . . . . . Triggered . | . . . . . . . . . . . . . . . . . . . . . . . . . . . . . . Machines | -11 -10 -9 -8 -8 -8 -7 -7 -7 -7 -6 -6 -6 -6 -5 -5 -5 -5 -5 -5 -5 -4 -4 -4 -4 -4 -4 -3 -3 -2 ---------- Run | Yrd Mat Mat Mat Gar Mat Fac Gar Fac Sto Fac Low Low Dat Pro Fac Gar Fac Upp Upp Zhi Pro Fac Ext Cet Arc Hub Res Gar Res Machines Disabled 73 | . . 1 1 9 . . 13 . 7 3 . . . . 1 3 1 1 . . . 4 3 . 1 21 . 1 3 Max in Single Turn 12 | . . 1 1 2 . . 1 . 1 1 . . . . 1 2 1 1 . . . 3 1 . . 12 . 1 1 Garrison Access 5 | . . . . . . . . 1 . . . . . . . . . . . . . 1 . . . 1 1 . 1 Garrison Relay 11 | . . . . 2 . . 7 . . . . . . . . 1 . . . . . . . . . . . 1 . Phase Generator 2 | . . . . 1 . . . . . . . . . . . 1 . . . . . . . . . . . . . Network Hub 2 | . . . . . . . . . . . . . . . . . . . . . . . . . . 2 . . . Energy Cycler 1 | . . . . . . . . . . . . . . . . . . . . . . . 1 . . . . . . Machines Repaired . | . . . . . . . . . . . . . . . . . . . . . . . . . . . . . . Machines Dismantled . | . . . . . . . . . . . . . . . . . . . . . . . . . . . . . . Machines Sabotaged . | . . . . . . . . . . . . . . . . . . . . . . . . . . . . . . Overloaded Fab Kills . | . . . . . . . . . . . . . . . . . . . . . . . . . . . . . . Hacking | -11 -10 -9 -8 -8 -8 -7 -7 -7 -7 -6 -6 -6 -6 -5 -5 -5 -5 -5 -5 -5 -4 -4 -4 -4 -4 -4 -3 -3 -2 --------- Run | Yrd Mat Mat Mat Gar Mat Fac Gar Fac Sto Fac Low Low Dat Pro Fac Gar Fac Upp Upp Zhi Pro Fac Ext Cet Arc Hub Res Gar Res Machines Accessed 83 | . 4 6 1 5 . 3 2 4 6 5 . . 4 . 3 1 4 . 1 4 . . 10 3 1 2 11 1 2 Terminals 53 | . 4 5 . 5 . . 2 1 6 3 . . . . 2 1 2 . . . . . 9 3 . 2 6 1 1 Fabricators 3 | . . . . . . 1 . . . . . . . . . . . . . . . . . . . . 2 . . Repair Stations 3 | . . . . . . 1 . . . . . . . . . . . . . . . . 1 . . . 1 . . Recycling Units 5 | . . . . . . . . 2 . 2 . . . . . . 1 . . . . . . . . . . . . Scanalyzers 2 | . . 1 . . . . . . . . . . . . . . 1 . . . . . . . . . . . . Garrison Access 7 | . . . 1 . . 1 . 1 . . . . . . 1 . . . . . . . . . . . 2 . 1 Total Hacks 280 | . 16 19 1 9 . 5 5 8 11 13 . . 32 . 7 2 8 . 1 17 . . 27 13 25 6 45 2 8 Successful 156 | . 6 10 1 2 . 4 . 5 4 3 . . 32 . 2 1 3 . 1 17 . . 9 5 25 1 22 1 2 Failed 123 | . 10 9 . 7 . 1 5 3 7 10 . . . . 5 1 5 . . . . . 17 8 . 5 23 1 6 Catastrophic 21 | . . . . 1 . . 2 1 3 1 . . . . . . 2 . . . . . 5 . . . 3 . 3 Database Lockouts 1 | . . . . . . . . . . . . . . . . . . . . . . . 1 . . . . . . Manual 118 | . 15 10 . . . . . 7 9 8 . . . . 2 . 4 . . . . . 24 3 . 6 23 . 7 Terminals 160 | . 16 16 . 9 . . 5 1 11 9 . . . . 5 2 3 . . . . . 25 13 . 6 31 2 6 Fabricators 8 | . . . . . . 2 . . . . . . . . . . . . . . . . . . . . 6 . . Repair Stations 10 | . . . . . . 2 . . . . . . . . . . . . . . . . 2 . . . 6 . . Recycling Units 10 | . . . . . . . . 4 . 4 . . . . . . 2 . . . . . . . . . . . . Scanalyzers 6 | . . 3 . . . . . . . . . . . . . . 3 . . . . . . . . . . . . Garrison Access 11 | . . . 1 . . 1 . 3 . . . . . . 2 . . . . . . . . . . . 2 . 2 Terminal Hacks 108 | . 3 6 . 2 . . . . 2 1 . . 32 . . 1 . . 1 17 . . 3 5 25 . 9 1 . Record 45 | . . . . . . . . . . . . . 11 . . . . . . 5 . . . 4 25 . . . . Part Schematic 17 | . . . . . . . . . . . . . 12 . . . . . . 4 . . . . . . 1 . . Robot Schematic 6 | . . . . . . . . . . . . . 6 . . . . . . . . . . . . . . . . Robot Analysis 7 | . 1 . . . . . . . 1 . . . . . . . . . . 4 . . 1 . . . . . . Prototype ID Bank 10 | . . 2 . . . . . . . . . . 3 . . . . . . 4 . . 1 . . . . . . Open Door 3 | . . . . . . . . . 1 . . . . . . . . . 1 . . . . 1 . . . . . Open DSF 1 | . . . . . . . . . . . . . . . . . . . . . . . . . . . 1 . . Branch Access Points 2 | . . 1 . . . . . . . 1 . . . . . . . . . . . . . . . . . . . Emergency Access Points 1 | . . . . . . . . . . . . . . . . . . . . . . . . . . . . 1 . Terminal Index 1 | . . . . . . . . . . . . . . . . . . . . . . . . . . . 1 . . Scanalyzer Index 1 | . . . . . . . . . . . . . . . . . . . . . . . . . . . 1 . . Unreport Threat 3 | . . 1 . . . . . . . . . . . . . . . . . . . . . . . . 2 . . Locate Traps 1 | . . . . . . . . . . . . . . . . . . . . . . . . . . . 1 . . Dispatch Records 1 | . . . . . . . . . . . . . . . . . . . . . . . . . . . 1 . . Recall Investigation 1 | . . . . . . . . . . . . . . . . . . . . . . . 1 . . . . . . Zone Layout 5 | . 2 2 . . . . . . . . . . . . . . . . . . . . . . . . 1 . . Garrison Registry 2 | . . . . 1 . . . . . . . . . . . 1 . . . . . . . . . . . . . Security Stations 1 | . . . . 1 . . . . . . . . . . . . . . . . . . . . . . . . . Fabricator Hacks 4 | . . . . . . 1 . . . . . . . . . . . . . . . . . . . . 3 . . Network Status 1 | . . . . . . 1 . . . . . . . . . . . . . . . . . . . . . . . Load Schematic 1 | . . . . . . . . . . . . . . . . . . . . . . . . . . . 1 . . Build 2 | . . . . . . . . . . . . . . . . . . . . . . . . . . . 2 . . Repair Station Hacks 6 | . . . . . . 2 . . . . . . . . . . . . . . . . . . . . 4 . . Scan Component 3 | . . . . . . 1 . . . . . . . . . . . . . . . . . . . . 2 . . Repair 3 | . . . . . . 1 . . . . . . . . . . . . . . . . . . . . 2 . . Recycling Unit Hacks . | . . . . . . . . . . . . . . . . . . . . . . . . . . . . . . Scanalyzer 3 | . . 1 . . . . . . . . . . . . . . 2 . . . . . . . . . . . . Retrieve Study 3 | . . 1 . . . . . . . . . . . . . . 2 . . . . . . . . . . . . Garrison Access Hacks 8 | . . . 1 . . 1 . 1 . . . . . . 2 . . . . . . . . . . . 2 . 1 Unlock Access 4 | . . . 1 . . 1 . . . . . . . . 1 . . . . . . . . . . . 1 . . Seal Access 3 | . . . . . . . . 1 . . . . . . . . . . . . . . . . . . 1 . 1 Coupler Status 1 | . . . . . . . . . . . . . . . 1 . . . . . . . . . . . . . . Unauthorized Hacks 27 | . 3 3 . . . . . 4 2 2 . . . . . . 1 . . . . . 6 . . 1 4 . 1 Terminals 18 | . 3 3 . . . . . . 2 1 . . . . . . . . . . . . 5 . . 1 2 . 1 Track 1 | . 1 . . . . . . . . . . . . . . . . . . . . . . . . . . . . Assimilate 1 | . . . . . . . . . . 1 . . . . . . . . . . . . . . . . . . . Botnet 16 | . 2 3 . . . . . . 2 . . . . . . . . . . . . . 5 . . 1 2 . 1 Fabricators 2 | . . . . . . . . . . . . . . . . . . . . . . . . . . . 2 . . Prioritize 1 | . . . . . . . . . . . . . . . . . . . . . . . . . . . 1 . . Fabnet 1 | . . . . . . . . . . . . . . . . . . . . . . . . . . . 1 . . Repair Stations 1 | . . . . . . . . . . . . . . . . . . . . . . . 1 . . . . . . Patch 1 | . . . . . . . . . . . . . . . . . . . . . . . 1 . . . . . . Recycling Units 5 | . . . . . . . . 3 . 1 . . . . . . 1 . . . . . . . . . . . . Reject 3 | . . . . . . . . 2 . 1 . . . . . . . . . . . . . . . . . . . Recyclers 2 | . . . . . . . . 1 . . . . . . . . 1 . . . . . . . . . . . . Scanalyzers . | . . . . . . . . . . . . . . . . . . . . . . . . . . . . . . Garrison Access 1 | . . . . . . . . 1 . . . . . . . . . . . . . . . . . . . . . Broadcast 1 | . . . . . . . . 1 . . . . . . . . . . . . . . . . . . . . . Data Cores Recovered 2 | . . . . . . . . 1 . . . . . . . . . . . . . . . . . . 1 . . Used . | . . . . . . . . . . . . . . . . . . . . . . . . . . . . . . Hacking Detections 67 | . 4 6 1 4 . 2 2 4 4 5 . . . . 3 1 4 . . . . . 10 3 . 2 9 1 2 Full Trace Events 12 | . 2 1 . 1 . . 1 . . . . . . . . . 1 . . . . . 4 . . 1 1 . . Feedback Events 3 | . . . . 1 . . . . . . . . . . . . . . . . . . 1 . . 1 . . . Corruption 3 | . . . . 1 . . . . . . . . . . . . . . . . . . 1 . . 1 . . . Feedback Blocked . | . . . . . . . . . . . . . . . . . . . . . . . . . . . . . . Robot Schematics Acquired 6 | . . . . . . . . . . . . . 6 . . . . . . . . . . . . . . . . Robots Built 1 | . . . . . . . . . . . . . . . . . . . . . . . . . . . 1 . . Authchips . | . . . . . . . . . . . . . . . . . . . . . . . . . . . . . . Time 31 | . . . . . . . . . . . . . . . . . . . . . . . . . . . 31 . . Total Robot Build Rating 7 | . . . . . . . . . . . . . . . . . . . . . . . . . . . 7 . . Part Schematics Acquired 17 | . . . . . . . . . . . . . 12 . . . . . . 4 . . . . . . 1 . . Parts Built 1 | . . . . . . . . . . . . . . . . . . . . . . . . . . . 1 . . Authchips . | . . . . . . . . . . . . . . . . . . . . . . . . . . . . . . Time 25 | . . . . . . . . . . . . . . . . . . . . . . . . . . . 25 . . Total Part Build Rating 1 | . . . . . . . . . . . . . . . . . . . . . . . . . . . 1 . . Part Studies Acquired 3 | . . 1 . . . . . . . . . . . . . . 2 . . . . . . . . . . . . Parts Repaired 2 | . . . . . . 1 . . . . . . . . . . . . . . . . . . . . 1 . . Time 110 | . . . . . . 38 . . . . . . . . . . . . . . . . . . . . 72 . . Parts Recycled . | . . . . . . . . . . . . . . . . . . . . . . . . . . . . . . Recycled Matter . | . . . . . . . . . . . . . . . . . . . . . . . . . . . . . . Retrieved Matter . | . . . . . . . . . . . . . . . . . . . . . . . . . . . . . . Retrieved Components . | . . . . . . . . . . . . . . . . . . . . . . . . . . . . . . Parts Scanalyzed . | . . . . . . . . . . . . . . . . . . . . . . . . . . . . . . Part Schematics Acquired . | . . . . . . . . . . . . . . . . . . . . . . . . . . . . . . Parts Damaged . | . . . . . . . . . . . . . . . . . . . . . . . . . . . . . . Bothacking | -11 -10 -9 -8 -8 -8 -7 -7 -7 -7 -6 -6 -6 -6 -5 -5 -5 -5 -5 -5 -5 -4 -4 -4 -4 -4 -4 -3 -3 -2 ------------ Run | Yrd Mat Mat Mat Gar Mat Fac Gar Fac Sto Fac Low Low Dat Pro Fac Gar Fac Upp Upp Zhi Pro Fac Ext Cet Arc Hub Res Gar Res Used RIF Installer 4 | . . . . 1 . . 1 . . . . . . . . 1 . . . . . . . . . . . 1 . Robot Detection 1 | . . . . . . . . . . . . . . . . 1 . . . . . . . . . . . . . Structural Interface 1 | . . . . . . . 1 . . . . . . . . . . . . . . . . . . . . . . Autoassimilate 1 | . . . . . . . . . . . . . . . . . . . . . . . . . . . . 1 . Robots Hacked 15 | . . . . . . . . . . 4 . . . . 1 . 1 . . 3 . . 2 . . . . . 4 Non-combat 8 | . . . . . . . . . . 3 . . . . 1 . 1 . . . . . 2 . . . . . 1 Combat 7 | . . . . . . . . . . 1 . . . . . . . . . 3 . . . . . . . . 3 Robot Hacks Applied 18 | . . . . . . . . . . 4 . . . . 2 . 1 . . 4 . . 4 . . . . . 3 parse_system 6 | . . . . . . . . . . 1 . . . . 1 . . . . 4 . . . . . . . . . randomize_corridors 1 | . . . . . . . . . . . . . . . 1 . . . . . . . . . . . . . . map_earth 1 | . . . . . . . . . . 1 . . . . . . . . . . . . . . . . . . . check_alert 1 | . . . . . . . . . . . . . . . . . . . . . . . 1 . . . . . . purge_threat 5 | . . . . . . . . . . . . . . . . . . . . . . . 2 . . . . . 3 map_route 1 | . . . . . . . . . . . . . . . . . 1 . . . . . . . . . . . . amplify_resonance 1 | . . . . . . . . . . 1 . . . . . . . . . . . . . . . . . . . formatsys_low 2 | . . . . . . . . . . 1 . . . . . . . . . . . . 1 . . . . . . Relay Couplers Released 47 | . . . . 7 . . 29 . . . . . . . . 3 . . . . . 1 . . . 2 . 5 . Machine Destruction 47 | . . . . 7 . . 29 . . . . . . . . 3 . . . . . 1 . . . 2 . 5 . Attached 6 | . . . . . . . 1 . . 1 . . . . 1 . . . . . . 1 . . . . . 1 1 Fabnet Peak Effective % 3 | . . . . . . . . . . . . . . . . . . . . . . . . . . . . . 3 Autooverrided 3 | . . . . . . . . . . . . . . . . . . . . . . . . . . . . . 3 Robots Rewired 35 | . . . . 3 . . 1 . . . . 2 . . . . . . . . . . 13 . . . . 16 . Allies Hacked 1 | . . . . . . . . . . . . . . . . . . . . . . . 1 . . . . . . Hacks Repelled . | . . . . . . . . . . . . . . . . . . . . . . . . . . . . . . Allies | -11 -10 -9 -8 -8 -8 -7 -7 -7 -7 -6 -6 -6 -6 -5 -5 -5 -5 -5 -5 -5 -4 -4 -4 -4 -4 -4 -3 -3 -2 -------- Run | Yrd Mat Mat Mat Gar Mat Fac Gar Fac Sto Fac Low Low Dat Pro Fac Gar Fac Upp Upp Zhi Pro Fac Ext Cet Arc Hub Res Gar Res Total Allies 48 | . . . . 3 . . 2 . . 2 . 2 . . . . . . . . . . 19 . . . 1 16 3 Largest Group 16 | . . . . 3 3 3 1 . . 2 . 2 2 2 . . . . . . . . 9 9 4 3 1 16 1 Highest-Rated Group 816 | . . . . 61 61 56 39 . . 49 . 62 62 62 . . . . . . . . 378 374 170 129 36 816 82 Highest-Rated Ally 82 | . . . . 24 24 24 39 . . 26 . 32 32 32 . . . . . . . . 51 51 51 51 36 64 82 Total Orders 14 | . . . . . 2 2 1 . 1 2 . . . . . . . . . . . . . 1 . . 5 . . STAY 1 | . . . . . . 1 . . . . . . . . . . . . . . . . . . . . . . . FOLLOW 2 | . . . . . 1 1 . . . . . . . . . . . . . . . . . . . . . . . AID 10 | . . . . . 1 . 1 . . 2 . . . . . . . . . . . . . 1 . . 5 . . EXPLORE 1 | . . . . . . . . . 1 . . . . . . . . . . . . . . . . . . . . Ally Attacks 350 | . . . . . 15 13 15 . . . . . . 6 . . . . . . . . 71 47 21 17 . 140 5 Total Damage 10904 | . . . . . 317 395 185 . . . . . . 104 . . . . . . . . 1815 1195 624 438 . 5590 241 Kills 74 | . . . . . 2 4 3 . . . . . . . . . . . . . . . 15 6 3 2 . 37 2 Allies Corrupted 2 | . . . . . . . . . . . . . . . . . . . . . . . 1 . . . . 1 . Allies Melted 6 | . . . . . . . . . . . . . . . . . . . . . . . 4 . . . . 2 . Intel | -11 -10 -9 -8 -8 -8 -7 -7 -7 -7 -6 -6 -6 -6 -5 -5 -5 -5 -5 -5 -5 -4 -4 -4 -4 -4 -4 -3 -3 -2 ------- Run | Yrd Mat Mat Mat Gar Mat Fac Gar Fac Sto Fac Low Low Dat Pro Fac Gar Fac Upp Upp Zhi Pro Fac Ext Cet Arc Hub Res Gar Res Active Infowar (turns) 17377 | . . . 23 1415 458 451 83 396 383 1337 334 619 93 447 334 361 896 717 963 261 513 565 1339 . . . . 2777 2612 Optics 3414 | . . . . 1373 458 451 63 . . . . . . . . . . . . . . . 1069 . . . . . . Sensors 8873 | . . . 23 42 . 299 20 396 383 1337 334 619 93 447 334 361 896 717 963 261 513 565 270 . . . . . . T.N.C. 5389 | . . . . . . . . . . . . . . . . . . . . . . . . . . . . 2777 2612 Robot Analysis Total 7 | . 1 . . . . . . . 1 . . . . . . . . . . 4 . . 1 . . . . . . Derelict Logs Recovered 6 | . . . . . . . . . . . . 2 . 1 . . . 1 2 . . . . . . . . . . Drone Launches 2 | . . . . . . . . . 2 . . . . . . . . . . . . . . . . . . . . Drone Recoveries . | . . . . . . . . . . . . . . . . . . . . . . . . . . . . . . Exploration | -11 -10 -9 -8 -8 -8 -7 -7 -7 -7 -6 -6 -6 -6 -5 -5 -5 -5 -5 -5 -5 -4 -4 -4 -4 -4 -4 -3 -3 -2 ------------- Run | Yrd Mat Mat Mat Gar Mat Fac Gar Fac Sto Fac Low Low Dat Pro Fac Gar Fac Upp Upp Zhi Pro Fac Ext Cet Arc Hub Res Gar Res Turns Passed 26589 | 69 371 944 375 1417 458 451 2467 414 876 1763 586 619 93 447 504 776 924 717 963 261 513 565 1784 387 192 645 1388 2949 2671 Spaces Moved 12595 | 51 271 366 145 575 278 249 1219 282 359 787 403 478 82 316 234 391 485 357 555 146 249 236 907 192 98 287 694 1032 871 Core 208 | 2 . . . . . . . . . . . . . . . . . . . . . . . . . . 58 40 108 Treads 6271 | . . . . . . . . . . 436 . . . . 28 375 485 357 555 146 249 236 473 166 98 287 636 992 752 Legs 4715 | 49 271 366 145 575 278 249 1219 282 307 52 403 50 . . . . . . . . . . 434 26 . . . . 9 Wheels 1401 | . . . . . . . . . 52 299 . 428 82 316 206 16 . . . . . . . . . . . . 2 Hover . | . . . . . . . . . . . . . . . . . . . . . . . . . . . . . . Flight . | . . . . . . . . . . . . . . . . . . . . . . . . . . . . . . Fastest Speed 50 | 50 120 120 120 120 120 120 120 120 120 120 120 105 90 105 110 110 160 167 167 167 167 161 120 120 160 160 50 50 50 Average Speed 162 | 117 120 176 184 168 120 120 169 120 150 164 120 107 91 123 144 163 162 167 167 167 167 161 138 154 160 160 150 230 216 Slowest Speed 2950 | 120 120 190 190 260 120 120 190 120 400 240 120 135 105 135 320 240 167 167 167 167 167 167 161 160 160 160 160 320 2950 Overloaded Moves . | . . . . . . . . . . . . . . . . . . . . . . . . . . . . . . Propulsion Burnouts . | . . . . . . . . . . . . . . . . . . . . . . . . . . . . . . Robots Hopped . | . . . . . . . . . . . . . . . . . . . . . . . . . . . . . . Potential Cave-ins . | . . . . . . . . . . . . . . . . . . . . . . . . . . . . . . Cave-ins Triggered . | . . . . . . . . . . . . . . . . . . . . . . . . . . . . . . Teleports 1 | . . . . . . . . . . . . . . . . . . . . . . . . . . . 1 . . Exploration Rate (%) 43 | 3 48 37 13 63 26 7 97 6 59 20 47 61 69 53 6 54 11 50 70 60 53 7 73 78 77 37 29 84 20 Regions Visited 29 Branch Regions 13 Pre-discovered Areas 8 | . . . . . . . . . . . . 2 1 1 . . . . 1 3 . . . . . . . . . Known Exits Taken 17 | . . . 1 . . 1 . 1 1 1 1 1 1 1 1 . 1 1 1 1 1 1 . . . . 1 . . Unknown Exits Taken 8 | 1 1 1 . . 1 . . . . . . . . . . . . . . . . . 1 1 1 1 . . . Scrap Searched 10 | . . . . . . . . . . . 1 2 . 2 . . . . 4 . 1 . . . . . . . . Spaces Dug 20 | . . . . . . . . . . 6 . . . . 3 . 6 . . . . 5 . . . . . . . Terrain Destroyed 1241 | . . 1 31 74 3 . . . 61 42 83 108 . 65 33 104 42 70 27 . 47 23 46 3 1 324 18 7 28 Melee . | . . . . . . . . . . . . . . . . . . . . . . . . . . . . . . Projectile 191 | . . 1 6 . 3 . . . 31 12 . 1 . 1 3 2 29 7 5 . 4 10 28 3 1 8 5 7 24 AOE 1050 | . . . 25 74 . . . . 30 30 83 107 . 64 30 102 13 63 22 . 43 13 18 . . 316 13 . 4 Terrain Rammed . | . . . . . . . . . . . . . . . . . . . . . . . . . . . . . . Walls Destroyed . | . . . . . . . . . . . . . . . . . . . . . . . . . . . . . . Machines Disabled . | . . . . . . . . . . . . . . . . . . . . . . . . . . . . . . Actions | -11 -10 -9 -8 -8 -8 -7 -7 -7 -7 -6 -6 -6 -6 -5 -5 -5 -5 -5 -5 -5 -4 -4 -4 -4 -4 -4 -3 -3 -2 --------- Run | Yrd Mat Mat Mat Gar Mat Fac Gar Fac Sto Fac Low Low Dat Pro Fac Gar Fac Upp Upp Zhi Pro Fac Ext Cet Arc Hub Res Gar Res Total 16949 | 57 298 530 211 861 348 356 1436 328 539 1136 460 553 100 349 355 472 569 435 583 163 304 383 1389 283 133 472 1034 1508 1304 Wait 1494 | . 11 35 18 87 9 62 12 20 49 199 13 13 15 14 68 6 26 43 16 . 14 109 124 22 16 81 180 104 128 Move 12568 | 50 270 365 145 574 277 249 1217 281 358 786 402 477 81 315 234 390 484 356 554 145 248 235 906 191 97 286 694 1030 871 Hop . | . . . . . . . . . . . . . . . . . . . . . . . . . . . . . . Pick Up 303 | 1 3 19 2 17 14 5 25 2 13 16 3 5 . 1 7 9 5 1 2 2 2 4 21 8 . 7 30 36 43 Fast Attach 200 | 6 2 7 5 10 . 1 2 2 9 18 3 . 1 . 4 7 5 1 2 4 5 7 29 4 3 4 5 32 22 Attach 186 | . . 6 3 15 2 3 22 . 7 6 3 6 1 3 6 5 . 3 . 1 3 3 6 5 . 4 13 15 45 Detach 23 | . 1 1 1 . . . 1 . . . . . 1 . 1 . . . . 1 . . . 1 . . 3 6 6 Swap 182 | . 1 8 5 19 3 9 14 6 11 20 7 3 . 1 7 11 6 6 2 1 3 1 8 2 . 1 19 1 7 Drop 273 | . 1 17 8 15 12 5 14 5 14 28 2 . 1 . 3 12 12 1 2 5 5 6 22 15 3 9 15 20 21 Fire 1333 | . 9 72 24 77 30 22 90 12 77 63 26 28 . 15 25 32 30 24 5 4 24 18 196 35 14 77 72 74 158 Melee . | . . . . . . . . . . . . . . . . . . . . . . . . . . . . . . Ram 2 | . . . . . . . . . . . . . . . . . . . . . . . . . . . 2 . . Kick 5 | . . . . 2 1 . . . 1 . . . . . . . . . . . . . 1 . . . . . . Crush 13 | . . . . . . . . . . . . . . . . . 1 . . . . . 2 . . 3 1 3 3 Escape Stasis 54 | . . . . 10 . . 34 . . . . . . . . . . . . . . . . . . . . 10 . Rewire 313 | . . . . 35 . . 5 . . . 1 21 . . . . . . . . . . 74 . . . . 177 . Trap . | . . . . . . . . . . . . . . . . . . . . . . . . . . . . . . Miscellaneous . | . . . . . . . . . . . . . . . . . . . . . . . . . . . . . . Route ------- -11/Scrapyard -10/Materials (discovered 2 exits: *Mat / [*Min]) -9/Materials (discovered 3 exits: *Mat / *Min x2) -8/Materials -8/Garrison (discovered 3 exits: [*Mat x3]) -8/Materials -7/Factory -7/Garrison (discovered 3 exits: *Fac x3) -7/Factory -7/Storage -6/Factory (discovered 2 exits: *Low x2) -6/Lower Caves -6/Lower Caves (discovered 2 exits: *Fac / *Dat) -6/Data Miner -5/Proximity Caves -5/Factory (discovered 2 exits: *Fac / Gar) -5/Garrison (discovered 3 exits: *Fac x3) -5/Factory -5/Upper Caves -5/Upper Caves (discovered 2 exits: *Fac / *Zhi) -5/Zhirov -4/Proximity Caves -4/Factory (discovered 3 exits: Upp / *Ext / Arm) -4/Extension (discovered 3 exits: *Res x2 / *Cet) -4/Cetus (discovered 2 exits: *Res / *Arc) -4/Archives (discovered 2 exits: *Res / *Hub) -4/Hub_04(d) (discovered 3 exits: *Res x3) -3/Research -3/Garrison (discovered 3 exits: *Res x3) -2/Research History --------- Turn | Location | Event 6 | -11/Scrapyard | Discovered new exit (range 15) 70 | -11/Scrapyard | Entered Materials 307 | -10/Materials | Build established: Mutant 332 | -10/Materials | Discovered new exit (range 15) 396 | -10/Materials | Discovered new exit (range 16) 441 | -10/Materials | Entered another Materials area 441 | -9/Materials | Evolved 2 slots: Propulsion x1, Utility x1 668 | -9/Materials | Discovered new exit (range 11) 745 | -9/Materials | Identified exit to Mines 1256 | -9/Materials | Discovered new exit (range 7) 1328 | -9/Materials | Build established: Scavenger-Mutant 1385 | -9/Materials | Entered another Materials area 1385 | -8/Materials | Evolved 2 slots: Utility x2 1742 | -8/Materials | Destroyed 7 combat bots 1760 | -8/Materials | Identified exit to Garrison 1760 | -8/Materials | Entered Garrison 1923 | -8/Garrison | Triggered checkpoint 1959 | -8/Garrison | Garrison Relay disabled 2164 | -8/Garrison | Triggered checkpoint 2235 | -8/Garrison | Lost 4 parts (3u1w) 2336 | -8/Garrison | Triggered checkpoint 2382 | -8/Garrison | Discovered new exit (range 43) 2382 | -8/Garrison | Discovered new exit (range 26) 2382 | -8/Garrison | Discovered new exit (range 32) 2701 | -8/Garrison | Phase Generator disabled 2751 | -8/Garrison | Core integrity fell below 50% 2790 | -8/Garrison | Learned Materials security intel 2795 | -8/Garrison | Lost 4 parts (1p1n1u1w) 2862 | -8/Garrison | Triggered checkpoint 2890 | -8/Garrison | Garrison Relay disabled 2910 | -8/Garrison | Installed Relay Interface Framework 3177 | -8/Garrison | Entered Materials 3177 | -8/Materials | Accompanied by 3 allies 3436 | -8/Materials | Discovered new exit (range 19) 3537 | -8/Materials | Build established: Mutant 3635 | -8/Materials | Entered Factory 3635 | -7/Factory | Accompanied by 3 allies 3635 | -7/Factory | Evolved 2 slots: Propulsion x1, Utility x1 3789 | -7/Factory | Repaired Ion Cannon 3979 | -7/Factory | Garrison activated, responded to threat 4086 | -7/Factory | Identified exit to Garrison 4086 | -7/Factory | Entered Garrison 4092 | -7/Garrison | Triggered checkpoint 4113 | -7/Garrison | Rescued a captive Derelict 4146 | -7/Garrison | Garrison Relay disabled 4234 | -7/Garrison | Triggered checkpoint 4364 | -7/Garrison | Garrison Relay disabled 4367 | -7/Garrison | Garrison Relay disabled 4373 | -7/Garrison | Garrison Relay disabled 4376 | -7/Garrison | Garrison Relay disabled 4444 | -7/Garrison | Lost 6 parts (1p2n2u1w) 4716 | -7/Garrison | Build established: Scavenger-Mutant 4868 | -7/Garrison | Triggered checkpoint 4908 | -7/Garrison | Garrison Relay disabled 4943 | -7/Garrison | Discovered new exit (range 10) 4959 | -7/Garrison | Identified exit to Factory 5052 | -7/Garrison | Triggered checkpoint 5124 | -7/Garrison | Discovered exit to Factory (range 12) 5268 | -7/Garrison | Expanded RIF knowledge: Structural Interface 5294 | -7/Garrison | Triggered checkpoint 5460 | -7/Garrison | Triggered checkpoint 5560 | -7/Garrison | Triggered checkpoint 5682 | -7/Garrison | Garrison Relay disabled 5710 | -7/Garrison | Discovered exit to Factory (range 10) 6553 | -7/Garrison | Entered Factory 6875 | -7/Factory | Discovered new exit (range 14) 6905 | -7/Factory | Identified exit to Storage 6953 | -7/Factory | First assault squad dispatched 6967 | -7/Factory | Entered Storage 7411 | -7/Storage | Core integrity fell below 50% 7598 | -7/Storage | Discovered new exit (range 31) 7743 | -7/Storage | System corruption reached 10% 7776 | -7/Storage | Lost 5 parts (4n1u) 7842 | -7/Storage | Identified exit to Factory 7843 | -7/Storage | Entered Factory 7843 | -6/Factory | Evolved 2 slots: Propulsion x1, Utility x1 8180 | -6/Factory | Identified exit to Lower Caves 9606 | -6/Factory | Entered Lower Caves 9995 | -6/Lower Caves | Ambushed by wild Derelicts 10177 | -6/Lower Caves | Discovered new exit (range 5) 10191 | -6/Lower Caves | Identified exit to Lower Caves 10192 | -6/Lower Caves | Entered another Lower Caves area 10240 | -6/Lower Caves | Attracted the attention of an 0b10 outpost 10286 | -6/Lower Caves | Discovered new exit (range 11) 10311 | -6/Lower Caves | Destroyed 11 combat bots 10333 | -6/Lower Caves | Lost 6 parts (1p3n2u) 10338 | -6/Lower Caves | Identified exit to Factory 10415 | -6/Lower Caves | Learned location of Extension (-4) 10610 | -6/Lower Caves | Encountered a Warlord checkpoint 10749 | -6/Lower Caves | Discovered new exit (range 9) 10767 | -6/Lower Caves | Identified exit to Data Miner 10811 | -6/Lower Caves | Entered Data Miner 10811 | -6/Data Miner | Accompanied by 2 allies 10811 | -6/Data Miner | Discovered new exit (range 6) 10818 | -6/Data Miner | Identified exit to Proximity Caves 10831 | -6/Data Miner | Met Data Miner 10851 | -6/Data Miner | Learned location of Section 7 (-2) 10851 | -6/Data Miner | Acquired the access code to Warlord's prototype stash 10862 | -6/Data Miner | Received God Mode back door access code from Data Miner 10904 | -6/Data Miner | Entered Proximity Caves 10904 | -5/Proximity Caves | Accompanied by 2 allies 10999 | -5/Proximity Caves | Spotter reported a threat 11021 | -5/Proximity Caves | Spotter reported a threat 11052 | -5/Proximity Caves | Spotter reported a threat 11074 | -5/Proximity Caves | Spotter reported a threat 11105 | -5/Proximity Caves | Spotter reported a threat 11112 | -5/Proximity Caves | Lost 4 parts (1p2n1u) 11174 | -5/Proximity Caves | Spotter reported a threat 11194 | -5/Proximity Caves | Spotter reported a threat 11227 | -5/Proximity Caves | Spotter reported a threat 11322 | -5/Proximity Caves | Discovered exit to Factory (range 12) 11351 | -5/Proximity Caves | Entered Factory 11351 | -5/Factory | Evolved 2 slots: Utility x2 11373 | -5/Factory | Build established: Mutant 11651 | -5/Factory | Search patrols dispatched 11736 | -5/Factory | Discovered new exit (range 15) 11781 | -5/Factory | Identified exit to Factory 11855 | -5/Factory | Identified exit to Garrison 11855 | -5/Factory | Entered Garrison 11882 | -5/Garrison | Phase Generator disabled 11911 | -5/Garrison | Build established: Scavenger-Mutant 11913 | -5/Garrison | Lost 3 parts (2n1u) 11947 | -5/Garrison | Triggered checkpoint 11965 | -5/Garrison | Garrison Relay disabled 11978 | -5/Garrison | Discovered new exit (range 57) 11978 | -5/Garrison | Discovered new exit (range 65) 11978 | -5/Garrison | Discovered new exit (range 63) 12093 | -5/Garrison | Triggered checkpoint 12252 | -5/Garrison | Lost 4 parts (1p1n2u) 12439 | -5/Garrison | Triggered checkpoint 12518 | -5/Garrison | Destroyed 10 combat bots 12584 | -5/Garrison | Expanded RIF knowledge: Robot Detection 12629 | -5/Garrison | Identified exit to Factory 12631 | -5/Garrison | Entered Factory 12981 | -5/Factory | Build established: Mutant 13532 | -5/Factory | Discovered new exit (range 13) 13554 | -5/Factory | Identified exit to Upper Caves 13555 | -5/Factory | Entered Upper Caves 13748 | -5/Upper Caves | Spotted B-75 Beast 13818 | -5/Upper Caves | Destroyed B-75 Beast 13955 | -5/Upper Caves | Acquired the password to a Derelict Tinkerer's latest research 13984 | -5/Upper Caves | Attracted the attention of an 0b10 checkpoint 14193 | -5/Upper Caves | Caught by Unaware searching for contraband prototypes 14236 | -5/Upper Caves | Discovered new exit (range 14) 14270 | -5/Upper Caves | Identified exit to Upper Caves 14272 | -5/Upper Caves | Entered another Upper Caves area 14291 | -5/Upper Caves | Discovered exit to Factory (range 13) 14294 | -5/Upper Caves | Encountered a Warlord checkpoint 14300 | -5/Upper Caves | Attracted the attention of an 0b10 checkpoint 14336 | -5/Upper Caves | Learned 12 Factory zone layouts 14388 | -5/Upper Caves | Learned location of Armory (-4) 15208 | -5/Upper Caves | Discovered new exit (range 16) 15231 | -5/Upper Caves | Identified exit to Zhirov 15235 | -5/Upper Caves | Entered Zhirov 15235 | -5/Zhirov | Discovered new exit (range 3) 15239 | -5/Zhirov | Identified exit to Proximity Caves 15268 | -5/Zhirov | Met Zhirov 15310 | -5/Zhirov | Learned location of Quarantine (-2) 15310 | -5/Zhirov | Learned location of Testing (-3) 15310 | -5/Zhirov | Learned location of Command (-1) 15320 | -5/Zhirov | Zhirov requested help retrieving the SGEMP Prototype 15356 | -5/Zhirov | Found Alien Artifact 15356 | -5/Zhirov | Identified Integrated Reactor 15356 | -5/Zhirov | Installed Integrated Reactor, increased core energy generation (+10) 15421 | -5/Zhirov | Found Alien Artifact 15496 | -5/Zhirov | Entered Proximity Caves 15538 | -4/Proximity Caves | Spotted B-86 Titan 15609 | -4/Proximity Caves | Destroyed B-86 Titan 15824 | -4/Proximity Caves | Found DCF Scrap (13 items) 15926 | -4/Proximity Caves | Discovered exit to Factory (range 15) 16009 | -4/Proximity Caves | Entered Factory 16009 | -4/Factory | Evolved 2 slots: Utility x2 16010 | -4/Factory | Identified exit to Armory 16011 | -4/Factory | Identified exit to Upper Caves 16381 | -4/Factory | Found Quantum Capacitor 16561 | -4/Factory | Discovered new exit (range 8) 16569 | -4/Factory | Identified exit to Extension 16574 | -4/Factory | Entered Extension 16575 | -4/Extension | Disrupted transfer network 16716 | -4/Extension | Rescued a captive Derelict 16717 | -4/Extension | Rescued a captive Derelict 16732 | -4/Extension | Rescued a captive Derelict 16733 | -4/Extension | Rescued a captive Derelict 16785 | -4/Extension | Rescued a captive Derelict 16873 | -4/Extension | P-70 Sage assimilated allied 0V-IQX(h) 16879 | -4/Extension | P-70 Sage assimilated allied CN-WMH(g) 16903 | -4/Extension | Lost 3 allies 16929 | -4/Extension | Lost 3 parts (2u1w) 16933 | -4/Extension | Energy Cycler disabled 16934 | -4/Extension | Rescued a captive Derelict 16935 | -4/Extension | Rescued a captive Derelict 16935 | -4/Extension | Rescued a captive Derelict 16936 | -4/Extension | Rescued a captive Derelict 16937 | -4/Extension | Rescued a captive Derelict 16939 | -4/Extension | Rescued a captive Derelict 16939 | -4/Extension | Rescued a captive Derelict 16941 | -4/Extension | Rescued a captive Derelict 16942 | -4/Extension | Rescued a captive Derelict 16943 | -4/Extension | Rescued a captive Derelict 16944 | -4/Extension | Rescued a captive Derelict 16946 | -4/Extension | Incoming investigation squad redirected 16950 | -4/Extension | Rescued a captive Derelict 16961 | -4/Extension | Incoming investigation squad redirected 16964 | -4/Extension | Rescued a captive Derelict 17262 | -4/Extension | Destroyed 9 combat bots 17268 | -4/Extension | Lost 8 parts (2n5u1w) 17296 | -4/Extension | Build established: Scavenger-Mutant 17440 | -4/Extension | Incoming investigation squad redirected 17506 | -4/Extension | Spotted B-86 Titan 17615 | -4/Extension | Destroyed B-86 Titan 17636 | -4/Extension | Lost 4 parts (1p1n1u1w) 17713 | -4/Extension | Discovered new exit (range 18) 17727 | -4/Extension | Extracted ID and sensor layout for unrecognized location from A7's data core 17995 | -4/Extension | Central database locked down 18309 | -4/Extension | Discovered new exit (range 10) 18311 | -4/Extension | Discovered new exit (range 6) 18358 | -4/Extension | Entered Cetus 18358 | -4/Cetus | Accompanied by 9 allies 18373 | -4/Cetus | Spotted Cetus Guard 18373 | -4/Cetus | Spotted Cetus Guard 18374 | -4/Cetus | Spotted Cetus Guard 18375 | -4/Cetus | Spotted Cetus Guard 18394 | -4/Cetus | Destroyed Cetus Guard 18397 | -4/Cetus | Destroyed Cetus Guard 18402 | -4/Cetus | Allies destroyed Cetus Guard 18409 | -4/Cetus | Destroyed Cetus Guard 18430 | -4/Cetus | Lost 3 allies 18570 | -4/Cetus | Discovered new exit (range 16) 18596 | -4/Cetus | Spotted Cetus Guard 18597 | -4/Cetus | Spotted Cetus Guard 18598 | -4/Cetus | Spotted Cetus Guard 18598 | -4/Cetus | Spotted Cetus Guard 18602 | -4/Cetus | Allies destroyed Cetus Guard 18607 | -4/Cetus | Destroyed Cetus Guard 18607 | -4/Cetus | Allies destroyed Cetus Guard 18613 | -4/Cetus | Allies destroyed Cetus Guard 18625 | -4/Cetus | Discovered new exit (range 15) 18633 | -4/Cetus | Met Revision 17 18745 | -4/Cetus | Entered Archives 18745 | -4/Archives | Accompanied by 4 allies 18808 | -4/Archives | Discovered new exit (range 15) 18828 | -4/Archives | Discovered new exit (range 16) 18883 | -4/Archives | Unable to access archive contents 18937 | -4/Archives | Entered Hub_04(d) 18937 | -4/Hub_04(d) | Accompanied by 3 allies 19003 | -4/Hub_04(d) | Discovered new exit (range 16) 19183 | -4/Hub_04(d) | Discovered new exit (range 15) 19282 | -4/Hub_04(d) | Incoming investigation squad redirected 19327 | -4/Hub_04(d) | Watched by a mysterious "MATRIX" hacker 19421 | -4/Hub_04(d) | Discovered new exit (range 10) 19535 | -4/Hub_04(d) | Core integrity fell below 50% 19550 | -4/Hub_04(d) | Network Hub disabled 19556 | -4/Hub_04(d) | Network Hub disabled 19582 | -4/Hub_04(d) | Spotted Lightning 19582 | -4/Hub_04(d) | Entered Research 19582 | -3/Research | Evolved 2 slots: Utility x1, Weapon x1 19612 | -3/Research | Lost 5 parts (2p1n2w) 19782 | -3/Research | Revision forces began assault on 0b10 19851 | -3/Research | Met up with Revision 17++ 19913 | -3/Research | Found Prototype Device 19914 | -3/Research | Identified Adv. EM Shield 19918 | -3/Research | Found Adv. EM Shield 20282 | -3/Research | Research terminal network offline 20310 | -3/Research | Fabricated Hcp. Storage Unit (x1) 20363 | -3/Research | Fabricated M-36 Artificer (x1) 20487 | -3/Research | Spotted Striker 20538 | -3/Research | Lost 5 allies 20662 | -3/Research | Spotted Striker 20672 | -3/Research | Destroyed Striker 20785 | -3/Research | Repaired Centrium Heavy Treads 20803 | -3/Research | Spotted Striker 20860 | -3/Research | Spotted Striker 20862 | -3/Research | Spotted Striker 20879 | -3/Research | Destroyed Striker 20881 | -3/Research | Spotted Executioner 20882 | -3/Research | Spotted Striker 20887 | -3/Research | Identified Transdimensional Reconstructor 20887 | -3/Research | Warped through subspace 20932 | -3/Research | Released all parts (15) 20970 | -3/Research | Identified exit to Garrison 20970 | -3/Research | Entered Garrison 20971 | -3/Garrison | Core integrity fell below 50% 20999 | -3/Garrison | Lost 3 parts (3n) 21265 | -3/Garrison | Assembled breached garrison interior 21666 | -3/Garrison | Spotted B-86 Titan 21677 | -3/Garrison | Allies destroyed B-86 Titan 21801 | -3/Garrison | Lost 6 allies 22045 | -3/Garrison | Build established: Scavenger-Tank 22063 | -3/Garrison | Discovered new exit (range 8) 22196 | -3/Garrison | Garrison Relay disabled 22673 | -3/Garrison | Discovered new exit (range 12) 22702 | -3/Garrison | Spotted B-86 Titan 22718 | -3/Garrison | P-80 Master assimilated allied Champion 8a 22724 | -3/Garrison | System corruption reached 10% 22740 | -3/Garrison | Destroyed B-86 Titan 22770 | -3/Garrison | Lost 4 parts (1n2u1w) 22774 | -3/Garrison | Found Relay Coupler [Proto] 22778 | -3/Garrison | Found Relay Coupler [Proto] 22781 | -3/Garrison | Found Relay Coupler [Proto] 22785 | -3/Garrison | Found Relay Coupler [Proto] 23050 | -3/Garrison | Spotted B-86 Titan 23112 | -3/Garrison | Expanded RIF knowledge: Autoassimilate 23215 | -3/Garrison | Destroyed B-86 Titan 23244 | -3/Garrison | Lost 7 parts (1p2n3u1w) 23346 | -3/Garrison | Discovered new exit (range 8) 23437 | -3/Garrison | Spotted B-86 Titan 23467 | -3/Garrison | Destroyed B-86 Titan 23473 | -3/Garrison | Build established: Bothacker-Mutant 23506 | -3/Garrison | Found Unknown Device 23506 | -3/Garrison | Identified Adv. Force Booster 23919 | -3/Garrison | Entered Research 23919 | -2/Research | Evolved 2 slots: Power x1, Utility x1 24169 | -2/Research | First assault squad dispatched 24185 | -2/Research | Incoming assault squad redirected 24256 | -2/Research | Build established: Scavenger-Mutant 24769 | -2/Research | System corruption reached 10% 24792 | -2/Research | Incoming assault squad redirected 24829 | -2/Research | Lost 5 parts (2n2u1w) 24876 | -2/Research | Destroyed 11 combat bots 25231 | -2/Research | Build established: Scavenger-Gunner 25270 | -2/Research | Spotted B-90 Cyclops 25293 | -2/Research | Destroyed B-90 Cyclops 25336 | -2/Research | Found Prototype Launcher 25337 | -2/Research | Identified Point Singularity Launcher 25349 | -2/Research | Spotted B-90 Cyclops 25363 | -2/Research | Destroyed B-90 Cyclops 25391 | -2/Research | Lost 3 parts (1p1n1w) 25687 | -2/Research | Incoming assault squad redirected 25739 | -2/Research | Found Prototype Device 25742 | -2/Research | Identified Exp. Shield Generator 25748 | -2/Research | Found Exp. Shield Generator 25756 | -2/Research | Found Exp. Shield Generator 25760 | -2/Research | Found Exp. Shield Generator 25893 | -2/Research | Lost 3 parts (3u) 26019 | -2/Research | Lost 4 parts (3p1w) 26410 | -2/Research | Core integrity fell below 50% 26436 | -2/Research | Lost 6 parts (5n1w) 26444 | -2/Research | Incoming assault squad redirected 26497 | -2/Research | Lost 5 parts (2p1n1u1w) 26535 | -2/Research | Released all parts (10) 26546 | -2/Research | Core integrity fell below 20% 26565 | -2/Research | Lost 5 parts (1n2u2w) 26590 | -2/Research | Destroyed by X-87 Electro with Compact HERF Cannon Last Messages --------------- 26534_ K-01 Serf collects debris. 26534_ Wheel destroyed. 26535_ Released Imp. Salvage Targeting Computer. 26535_ Released Adv. Heat Sink. 26535_ Released Adv. Target Analyzer. 26535_ Released Imp. Hacking Suite. 26535_ Released Adv. Targeting Computer. 26535_ Released Cargo Storage Unit. 26535_ Released Adv. Target Analyzer. 26535_ Released Imp. Salvage Targeting Computer. 26535_ Released Adv. Targeting Computer. 26535_ K-01 Serf collects debris. 26539_ System corrupted: Component data lost. 26542_ R-10 Processor collects Hcp. Matter Pod. 26548_ Slug penetrates Wall. 26559_ System corrupted: Matter fused (-7). 26569_ Acquired Hvy. Shield Leg. 26574_ Knocked back. 26575_ Acquired 4 matter. 26576_ Knocked back. Map ----- +----------------------------------------------------+ | ?????# ## ## ##????## #???????? | | ?????# ## # ! #????## #???????? | | ?????# ## ! %#????## ######### | | ###### ######## [ #????## # | | # #??????## ##?????# # | | + #???????# #?????## # """ | | #####???????# #????### # "Y / | | """ #???????????# #? # % / """ | | """ #??########## #? # # | | """ #??# #? # [ #! | | """ #??# #? # !!! # " | | * #??# % #? # !!!!! ######## | | #??# ] #### #? ! # !!!%!%### #???# | | #+####??#]=%#??# # =# ! !* *=!!! % #????# | | % #?##! #??# #? #*=![!!][ [| ####????# | | #### #??# +???? #*%%!!*! ####????# | | #??# #???? ?#!!!=!%!! ## ????# | | % % ##?# # #==*!=#[!T""#####] ???# | | ! %##?# # # != %#"""""#???# ?### | | #########?# # # =% #######???# # | | ! ##?# #????# #?###?## !%k##????????# # | | =|!###########?# #?????# #????????# + | | ! %#!%! #?# ####### #????????# # | | = =#!== #?# k #????????# # | | ==+%!| #?# % +????????# ?### | | [= #%![ #?# @= #????????######## | | ###########???#####+### #????????### | | /*###???????????????????# x #????????+ | | #???????????????????### x###????????### | | #?????????????????????# ###########??# | | "" #?????????????????????# H# ! #??# | | T #?????????????????????# + #### | | #?????????????????????#% # / | | #?????????????????????#% #! ! ######## | | #?????????????????????# ###########??????# | | ######?????????????????????##+##????????????????# | | ??????????????????????????? ????????????????## | | ?????????????????????????# ???????????????? | | ?????????????????????????# #??????????????? | | ?????????????????????????# #??????????????? | | ?????????????????????????# #??????????????? | | ?????????????????????????# ! #??????????????? | | ?????????????????????????# #??????????????? | | ?????????????????????????# #??????????????? | | ?????????????????????????# #??????????????? | | ?????????????????????????##########??????????????? | | ?????????????????????????????????????????????????? | | ?????????????????????????????????????????????????? | | ?????????????????????????????????????????????????? | | ?????????????????????????????????????????????????? | +----------------------------------------------------+ Best States ------------- Heat Dissipation 127 Coolant Potential 130 Energy Generation 55 Energy Capacity 525 Matter Stores 300 Matter Capacity 300 Sight Range 20 Robot Scan Range 16 Terrain Scan Density 10 Power Amplification 30 Additional Mass Support 12 Base Temperature (-) 200 Corruption Containment 12 Armor Coverage 1350 Resistance: KI 25 Resistance: TH 10 Resistance: EM 50 Core Shielding 30 Propulsion Shielding 33 Phase Shifting 15 Evasion (%) 60 Targeting Accuracy 24 Target Analysis 12 Armor Integrity Analysis 30 Recoil Reduction 5 Salvage Targeting 6 Offensive Hacking 22 Relay Coupler Types 1 Relay Coupler Value 33 Item Schematics ----------------- Combat Drone Bay | -6/Data Miner | Free Lgt. Regenerative Plating | -6/Data Miner | Free Enh. Flexi-carbon Leg | -6/Data Miner | Free Imp. Energy Well | -6/Data Miner | Free Thunder Hammer | -6/Data Miner | Free Imp. Heavy Treads | -6/Data Miner | Free Adv. Particle Charger | -6/Data Miner | Free HERF Cannon | -6/Data Miner | Free Neutrino Core | -6/Data Miner | Free Adv. Actuator Array | -6/Data Miner | Free Adv. Power Amplifier | -6/Data Miner | Free Biometal Medium Treads | -6/Data Miner | Free Assault Drone Bay | -5/Zhirov | Free Exp. Heat Sink | -5/Zhirov | Free Exp. Optical Array | -5/Zhirov | Free Imp. Arc Thrower | -5/Zhirov | Free Hcp. Storage Unit | -3/Research | Hacked Robot Schematics ------------------ Y-54 Guardian | -6/Data Miner | Free A-15 Conveyor | -6/Data Miner | Free B-48 Gladiator | -6/Data Miner | Free G-50 Soldier | -6/Data Miner | Free L-61 Swordsman | -6/Data Miner | Free Y-64 Sentinel | -6/Data Miner | Free Fabricated ------------ Hcp. Storage Unit | x1 | -3/Research M-36 Artificer | x1 | -3/Research | Preloaded Repaired ---------- Ion Cannon | 28% | -7/Factory Centrium Heavy Treads | 38% | -3/Research Studied --------- Grenade Launcher | -9/Materials | Hacked KE Penetrator | -5/Factory | Hacked Imp. Remote Datajack | -5/Factory | Hacked Alien Tech Used ----------------- Integrated Reactor Transdimensional Reconstructor Achievements -------------- Analysis Probe Drive-By Explosive Keycard Hack The Planet Insider Info Let Me Out Of Here Mindtrick Tank Life Zeroed Repercussions Challenges ------------ None Game ------ Seed DisassembledReactionReprisal Manual? 0 Play Time 04:54:51 Cumulative 677.1 hours Start 2026.07.21 @ 12:59:12 End 2026.07.23 @ 15:04:29 Sessions 7 Manual Loads 0 Difficulty Rogue Special Mode None Game No. 451 Rogue 451 Adventurer 0 Explorer 0 Win Type - Total 38 Types 25/1/6/6/0/0/0/0/0/0 Lore% 75 Gallery% 71 Achievement% 56 Wizard Run 0 Options --------- Layout 0 ASCII 1 Keyboard 0 Movement Numpad Keybinds 0 Fullscreen 2 Font 18/Smallcaps Map View 112x70 Zoom Use 0% Tactical HUD 1 Map Filters NONE Filters NONE Steam 1 RUN: bbc1cdf7-edf3-40a8-8114-a7a5c4f68c0e